Workbook
Name \0: #REF!
Name \0: #REF!
Name \00: #REF!
Name \00: #REF!
Name \a: #REF!
Name \AA: #REF!
Name \b: #REF!
Name \bb: #REF!
Name \c: #REF!
Name \E: #REF!
Name \EE: #REF!
Name \eliminar: #REF!
Name \eliminar1: #REF!
Name \G: #REF!
Name \i: #REF!
Name \k: #REF!
Name \l: #REF!
Name \M: #REF!
Name \ñ: #REF!
Name \P: #REF!
Name \q: #REF!
Name \R: #REF!
Name \s: #REF!
Name \t: #REF!
Name \V: #REF!
Name \w: #N/A
Name \X: #N/A
Name \Z: [1]!ERR
Name \Z: #N/A
Name ___: #REF!
Name ____________________________________________________i1: #REF!
Name ___________________________________________________i1: #REF!
Name __________________________________________________i1: #REF!
Name _________________________________________________i1: #REF!
Name ________________________________________________i1: #REF!
Name _______________________________________________i1: #REF!
Name ______________________________________________i1: #REF!
Name _____________________________________________i1: #REF!
Name ____________________________________________i1: #REF!
Name ___________________________________________i1: #REF!
Name __________________________________________i1: #REF!
Name _________________________________________i1: #REF!
Name ________________________________________i1: #REF!
Name _______________________________________i1: #REF!
Name ______________________________________i1: #REF!
Name ______________________________________l9001: #REF!
Name _____________________________________i1: #REF!
Name ____________________________________i1: #REF!
Name ____________________________________l9001: #REF!
Name ___________________________________i1: #REF!
Name ___________________________________l9001: #REF!
Name __________________________________i1: #REF!
Name __________________________________l9001: #REF!
Name _________________________________apu1: #REF!
Name _________________________________i1: #REF!
Name _________________________________l9001: #REF!
Name ________________________________apu1: #REF!
Name ________________________________i1: #REF!
Name ________________________________l9001: #REF!
Name _______________________________apu1: #REF!

Sheet SABANA MOD. 2
A3: SABANA PRESUPUESTO GENERAL DE OBRA OTROSI MODIFICATORIO No 2
A6: CONTRATO DE OBRA IERLADP-MC-O-11
A8: PROYECTO: CONSTRUCCIÓN Y MEJORAMIENTO BATERÍAS DE BAÑOS PARA PREESCOLAR Y BÁSICA PRIMARIA DE LA INSTITUCIÓN EDUCATIVA RURAL LUIS ANTONIO DUQUE PEÑA GIRARDOT – CUNDINAMARCA
A10: CONSTRUCCIÓN BATERIA DE BAÑOS PARA PREESCOLAR
D11: CONDICIONES CONTRACTUALES | H11: CONDICIONES CON MODIFICATORIO
A12: ITEM | B12: ICCU | C12: DESCRIPCIÓN | D12: UNIDAD | E12: CANTIDAD | F12: PRECIO UNITARIO | G12: VALOR PARCIAL | H12: MAYOR/MENOR CANTIDAD | I12: CANTIDAD TOTAL | J12: VALOR PARCIAL
A13: CAPITULO 1,0 | C13: EXCAVACION Y EXPLANACIONES
A14: 1.1 | B14: 210.1.1 | C14: EXPLANACIÓN Y EXCAVACIONES | D14: m³ | E14: 16.32 | F14: 11296 | G14: =+E14*F14 -> 184350.72 | H14: =+I14-E14 -> -12.09 | I14: =excavacion!J20 -> 4.23 | J14: =F14*I14 -> 47782.08
G15: =SUM(G14) -> 184350.72 | J15: =SUM(J14) -> 47782.08
A16: CAPITULO 2,0 | C16: PRELIMINARES
A17: 2.1 | B17: 1.46 | C17: RETIRO DE SOBRANTES A UNA DISTANCIA DE 5 KM (INCLUYE CARGUE Y BOTADERO AUTORIZADO) | D17: m³ | E17: 16.28 | F17: 14951 | G17: =+E17*F17 -> 243402.28 | H17: =+I17-E17 -> 1.89 | I17: =+'retiro de sobrantes'!J19 -> 18.17 | J17: =F17*I17 -> 271659.67
G18: =SUM(G17) -> 243402.28 | J18: =SUM(J17) -> 271659.67
A19: CAPITULO 3,0 | C19: CIMIENTOS
A20: 3.1 | B20: 2.7 | C20: VIGA DE AMARRE EN CONCRETO 3500 PSI | D20: m³ | E20: 0.86 | F20: 715609 | G20: =+E20*F20 -> 615423.74 | H20: =+I20-E20 -> 0.01 | I20: =viga!J20 -> 0.87 | J20: =F20*I20 -> 622579.83
A21: 3.2 | B21: 2.8 | C21: ZAPATAS EN CONCRETO 3500 PSI | D21: m³ | E21: 0.59 | F21: 670841 | G21: =+E21*F21 -> 395796.19 | H21: =+I21-E21 -> 0.1 | I21: =+zapata!$J$19 -> 0.69 | J21: =F21*I21 -> 462880.29
G22: =SUM(G20:G21) -> 1011219.9 | J22: =SUM(J20:J21) -> 1085460.1
A24: CAPITULO 4,0 | C24: DESAGÜES E INSTALACIONES SUBTERRÁNEAS
A25: 4.1 | B25: 3.6 | C25: CAJA DE INSPECCIÓN DE 80X80 | D25: und | E25: 2 | F25: 323343 | G25: =+E25*F25 -> 646686 | H25: =+I25-E25 -> 0 | I25: =+'caja inspeccion'!J22 -> 2 | J25: =F25*I25 -> 646686
G26: =SUM(G25) -> 646686 | J26: =SUM(J25) -> 646686
A28: CAPITULO 5,0 | C28: ESTRUCTURAS EN CONCRETO
A29: 5.1 | B29: 4.3 | C29: COLUMNAS 3500 PSI | D29: m³ | E29: 0.5 | F29: 949658 | G29: =+E29*F29 -> 474829 | H29: =+I29-E29 -> -0.06 | I29: =columnas!J22 -> 0.44 | J29: =F29*I29 -> 417849.52
A30: 5.2 | B30: 4.26 | C30: VIGA AÉREA 3500 PSI | D30: m³ | E30: 0.414 | F30: 1017123 | G30: =+E30*F30 -> 421088.92 | H30: =+I30-E30 -> 0.0054 | I30: ='viga aerea'!J23 -> 0.4194 | J30: =F30*I30 -> 426581.39
A31: 5.3 | B31: 4.22 | C31: ACERO FIGURADO 60000 PSI | D31: KG | E31: 195.2 | F31: 6950 | G31: =+E31*F31 -> 1356640 | H31: =+I31-E31 -> 5.04 | I31: =+'acero 60000'!K20 -> 200.24 | J31: =F31*I31 -> 1391668
A32: 5.4 | B32: 4.21 | C32: ACERO FIGURADO 37000 PSI | D32: KG | E32: 164.58 | F32: 6724 | G32: =+E32*F32 -> 1106635.9 | H32: =+I32-E32 -> -77.19 | I32: =+'acero de 37000'!J22 -> 87.39 | J32: =F32*I32 -> 587610.36
A33: 5.5 | B33: 4.23 | C33: REFUERZO MALLA ELECTROSOLDADA | D33: KG | E33: 29.6 | F33: 9153 | G33: =+E33*F33 -> 270928.8 | H33: =+I33-E33 -> 7.17 | I33: =malla!J21 -> 36.77 | J33: =F33*I33 -> 336555.81
G34: =SUM(G29:G33) -> 3630122.6 | J34: =SUM(J29:J33) -> 3160265.1
A36: CAPITULO 6,0 | C36: MAMPOSTERIA
A37: 6.1 | B37: 5.17 | C37: MURO EN BLOQUE Nº 5 E=0.15 M | D37: m² | E37: 32.86 | F37: 52350 | G37: =+E37*F37 -> 1720221 | H37: =+I37-E37 -> 1.9977 | I37: ='muros '!J25 -> 34.8577 | J37: =F37*I37 -> 1824800.6
G38: =SUM(G37) -> 1720221 | J38: =SUM(J37) -> 1824800.6
A40: CAPITULO 7,0 | C40: PAÑETES, REVOQUES Y REPELLOS
A41: 7.1 | B41: 6.19 | C41: PAÑETE LISO MUROS 1:5, E=1.5 CM | D41: m² | E41: 60.34 | F41: 23334 | G41: =+E41*F41 -> 1407973.6 | H41: =+I41-E41 -> 11.818163 | I41: =pañete!I32 -> 72.158163 | J41: =F41*I41 -> 1683738.6
G42: =SUM(G41) -> 1407973.6 | J42: =SUM(J41) -> 1683738.6
A44: CAPITULO 8,0 | C44: CUBIERTA
A45: 8.1 | B45: 7.2 | C45: TEJA EN LÁMINA GALVANIZADA CAL 26 PINTADA | D45: m² | E45: 16 | F45: 57759 | G45: =+E45*F45 -> 924144 | H45: =+I45-E45 -> 1.2 | I45: =+cubierta!J22 -> 17.2 | J45: =F45*I45 -> 993454.8
A46: 8.2 | B46: 7.21 | C46: ESTRUCTURA PARA CUBIERTA EN LÁMINA GALVANIZADA | D46: m² | E46: 16 | F46: =APUs!J200 -> 53036.73 | G46: =+E46*F46 -> 848587.68 | H46: =+I46-E46 -> -16 | I46: 0 | J46: =F46*I46 -> 0
G47: =SUM(G45:G46) -> 1772731.7 | J47: =SUM(J45:J46) -> 993454.8
A49: CAPITULO 9,0 | C49: CARPINTERIA METALICA
A50: 9.1 | B50: 10.4 | C50: MARCO PARA PUERTA EN LÁMINA CAL 18 -0.8 | D50: und | E50: 4 | F50: 236384 | G50: =+E50*F50 -> 945536 | H50: =+I50-E50 -> -3 | I50: ='marcos puertas'!J22 -> 1 | J50: =F50*I50 -> 236384
A51: 9.2 | B51: 10.7 | C51: PUERTA EN LÁMINA CAL 18 INC. ANTICORROSIVO | D51: m² | E51: 6.32 | F51: 269782 | G51: =+E51*F51 -> 1705022.2 | H51: =+I51-E51 -> -0.96 | I51: ='puerta metalica'!J22 -> 5.36 | J51: =F51*I51 -> 1446031.5
A52: 9.3 | B52: 10.2 | C52: VENTANA LÁMINA CALIBRE 18 INC. ANTICORROSIVO | D52: m² | E52: 1.69 | F52: 167379 | G52: =+E52*F52 -> 282870.51 | H52: =+I52-E52 -> -0.31 | I52: =ventana!J21 -> 1.38 | J52: =F52*I52 -> 230983.02
G53: =SUM(G50:G52) -> 2933428.8 | J53: =SUM(J50:J52) -> 1913398.5
A55: CAPITULO 10,0 | C55: INSTALACIONES HIDROSANITARIAS
A56: 10.1 | B56: 11.8 | C56: CONEXIÓN TANQUE ELEVADO PVC | D56: und | E56: 1 | F56: 304335 | G56: =+E56*F56 -> 304335 | H56: =+I56-E56 -> 1 | I56: =+'conexion tanque'!J22 -> 2 | J56: =F56*I56 -> 608670
A57: 10.2 | B57: 11.12 | C57: LLAVE MANGUERA | D57: und | E57: 1 | F57: 48237 | G57: =+E57*F57 -> 48237 | H57: =+I57-E57 -> 0 | I57: =+'llave manguera'!J22 -> 1 | J57: =F57*I57 -> 48237
A58: 10.3 | B58: 11.16 | C58: PUNTO HIDRÁULICO PVC-P/PARAL 1/2" | D58: und | E58: 6 | F58: 89947 | G58: =+E58*F58 -> 539682 | H58: =+I58-E58 -> 0 | I58: =+'puntos hidraulicos'!J21 -> 6 | J58: =F58*I58 -> 539682
A59: 10.4 | B59: 11.31 | C59: RED SANITARIA PVC-S 2" | D59: ml | E59: 4.9 | F59: 33027 | G59: =+E59*F59 -> 161832.3 | H59: =+I59-E59 -> 0.6 | I59: =+'red sanitaria 2"'!J22 -> 5.5 | J59: =F59*I59 -> 181648.5
A60: 10.5 | B60: 11.33 | C60: RED SANITARIA PVC-S 4" | D60: ml | E60: 8.15 | F60: 60992 | G60: =+E60*F60 -> 497084.8 | H60: =+I60-E60 -> 0.5 | I60: =+'red sanitaria de 4"'!J22 -> 8.65 | J60: =F60*I60 -> 527580.8
A61: 10.6 | B61: 11.19 | C61: SALIDA SANITARIA PVC-S/PARAL 2" | D61: und | E61: 4 | F61: 94059 | G61: =+E61*F61 -> 376236 | H61: =+I61-E61 -> 0 | I61: =+'salida sanitaria 2"'!J22 -> 4 | J61: =F61*I61 -> 376236
A62: 10.7 | B62: 11.21 | C62: SALIDA SANITARIA PVC-S/PARAL 4" | D62: und | E62: 2 | F62: 120403 | G62: =+E62*F62 -> 240806 | H62: =+I62-E62 -> 0 | I62: =+'salida sanitaria 4"'!J22 -> 2 | J62: =F62*I62 -> 240806
A63: 10.8 | B63: 11.27 | C63: RED SUMINISTRO PVC 1/2" | D63: ml | E63: 14.75 | F63: 11428 | G63: =+E63*F63 -> 168563 | H63: =+I63-E63 -> 2.8 | I63: =+'red suministro'!J24 -> 17.55 | J63: =F63*I63 -> 200561.4
G64: =SUM(G56:G63) -> 2336776.1 | J64: =SUM(J56:J63) -> 2723421.7
A66: CAPITULO 11,0 | C66: INSTALACIONES ELÉCTRICAS
A67: 11.1 | B67: 12.1 | C67: ACOMETIDA AÉREA 10 M. PVC | D67: und | E67: 1 | F67: 449710 | G67: =+E67*F67 -> 449710 | H67: =+I67-E67 -> 0 | I67: ='Acometida Aerea'!J24 -> 1 | J67: =F67*I67 -> 449710
A68: 11.2 | B68: 12.2 | C68: SALIDA LÁMPARA TOMA EMT COMPLETA | D68: und | E68: 3 | F68: 71497 | G68: =+E68*F68 -> 214491 | H68: =+I68-E68 -> -1 | I68: =+'Salida Lampara'!J24 -> 2 | J68: =F68*I68 -> 142994
A69: 11.3 | B69: 12.16 | C69: TUBERÍA PVC CONDUIT 1/2" | D69: ml | E69: 15 | F69: 4462 | G69: =+E69*F69 -> 66930 | H69: =+I69-E69 -> 0 | I69: =+'Tuberia Conduit'!J24 -> 15 | J69: =F69*I69 -> 66930
G70: =SUM(G67:G69) -> 731131 | J70: =SUM(J67:J69) -> 659634
A72: CAPITULO 12,0 | C72: PISOS BASES
A73: 12.1 | B73: 13.4 | C73: ALISTADO PISOS 1:3, E=0.04 | D73: m² | E73: 9.9 | F73: 31459 | G73: =+E73*F73 -> 311444.1 | H73: =+I73-E73 -> 0.1065 | I73: ='Alistado y Placa Base '!J24 -> 10.0065 | J73: =F73*I73 -> 314794.48
A74: 12.2 | B74: 13.13 | C74: PLACA BASE CONCRETO 0.10 2500 PSI | D74: m² | E74: 11.88 | F74: 60698 | G74: =+E74*F74 -> 721092.24 | H74: =+I74-E74 -> 0.4476 | I74: ='Alistado y Placa Base '!J53 -> 12.3276 | J74: =F74*I74 -> 748260.66
G75: =SUM(G73:G74) -> 1032536.3 | J75: =SUM(J73:J74) -> 1063055.1
A77: CAPITULO 13,0 | C77: PISOS,ACABADOS,ENCHAPES Y ACCESORIOS
A78: 13.1 | B78: 14.1 | C78: BALDOSA CERÁMICA PISO-PARED 20X20 CALIDAD PRIMERA | D78: m2 | E78: 20.64 | F78: 73653 | G78: =+E78*F78 -> 1520197.9 | H78: =+I78-E78 -> 1.6626 | I78: ='Enchape Baterias Nuevas'!J24 -> 22.3026 | J78: =F78*I78 -> 1642653.4
A79: 13.2 | B79: 14.41 | C79: CERÁMICA PISO TRÁFICO 5, CALIDAD PRIMERA | D79: m2 | E79: 9.928 | F79: 81311 | G79: =+E79*F79 -> 807255.61 | H79: =+I79-E79 -> 0.0128 | I79: ='Enchape Baterias Nuevas'!J56 -> 9.9408 | J79: =F79*I79 -> 808296.39
A80: 13.3 | B80: 14.32 | C80: REJILLA METÁLICA TRADICIONAL 3X2 SOSCO | D80: und | E80: 1 | F80: 19788 | G80: =+E80*F80 -> 19788 | H80: =+I80-E80 -> 0 | I80: 1 | J80: =F80*I80 -> 19788
A81: 13.4 | B81: 14.8 | C81: ACABADO EN GRANITO (INCLUYE DILATACIÓN EN BRONCE Y PULIDA) | D81: m2 | E81: 1.14 | F81: 214266 | G81: =+E81*F81 -> 244263.24 | H81: =+I81-E81 -> -0.1901 | I81: ='Acabado en granito'!J24 -> 0.9499 | J81: =F81*I81 -> 203531.27
G82: =SUM(G78:G81) -> 2591504.8 | J82: =SUM(J78:J81) -> 2674269.1
A84: CAPITULO 14,0 | C84: APARATOS SANITARIOS
A85: 14.1 | B85: 17.1 | C85: SUMINISTRO E INSTALACIÓN SANITARIO TANQUE (INCLUYE GRIFERÍA) | D85: und | E85: 3 | F85: 370247 | G85: =+E85*F85 -> 1110741 | H85: =+I85-E85 -> -3 | I85: 0 | J85: =F85*I85 -> 0
A86: 14.2 | B86: 17.6 | C86: SUMINISTRO E INSTALACIÓN LAVAMANOS DE EMPOTRAR(INCLUYE GRIFERÍA) | D86: und | E86: 2 | F86: 230281 | G86: =+E86*F86 -> 460562 | H86: =+I86-E86 -> 0 | I86: =+'salida sanitaria 2"'!F13 -> 2 | J86: =F86*I86 -> 460562
G87: =SUM(G85:G86) -> 1571303 | J87: =SUM(J85:J86) -> 460562
A89: CAPITULO 15,0 | C89: PINTURA
A90: 15.1 | B90: 18.9 | C90: ESMALTE SOBRE LÁMINA LLENA | D90: m² | E90: 12.64 | F90: 19683 | G90: =+E90*F90 -> 248793.12 | H90: =+I90-E90 -> -2.89 | I90: ='Esmalte Baterias'!J24 -> 9.75 | J90: =F90*I90 -> 191909.25
A91: 15.2 | B91: 18.12 | C91: ESMALTE SOBRE MARCOS LÁMINA | D91: ml | E91: 17.3 | F91: 7437 | G91: =+E91*F91 -> 128660.1 | H91: =+I91-E91 -> -1.02 | I91: ='Esmalte Baterias'!J56 -> 16.28 | J91: =F91*I91 -> 121074.36
A92: 15.3 | B92: 18.27 | C92: PINTURA EPÓXICA (LINEAL) | D92: ml | E92: 3.168 | F92: 11548 | G92: =+E92*F92 -> 36584.064 | H92: =+I92-E92 -> -3.168 | I92: 0 | J92: =F92*I92 -> 0
A93: 15.4 | B93: 18.23 | C93: VINILO SOBRE PAÑETE 2 MANOS | D93: m² | E93: 42.92 | F93: 10043 | G93: =+E93*F93 -> 431045.56 | H93: =+I93-E93 -> 6.648 | I93: =+'Pintura baterias nuevas'!J26 -> 49.568 | J93: =F93*I93 -> 497811.42
G94: =SUM(G90:G93) -> 845082.84 | J94: =SUM(J90:J93) -> 810795.03
A96: TOTAL CONSTRUCCIÓN BATERIA DE BAÑOS PARA PREESCOLAR | G96: =SUM(G15+G18+G34+G38+G42+G47+G26+G53+G64+G70+G75+G22+G82+G87+G94) -> 22658471 | J96: =SUM(J15+J18+J34+J38+J42+J47+J26+J53+J64+J70+J75+J22+J82+J87+J94) -> 20018982
A98: MEJORAMIENTO BATERIA DE BAÑOS BASICA PRIMARIA
D99: CONDICIONES CONTRACTUALES | H99: CONDICIONES CON MODIFICATORIO
A100: ITEM | B100: ICCU | C100: DESCRIPCIÓN | D100: UNIDAD | E100: CANTIDAD | F100: PRECIO UNITARIO | G100: VALOR PARCIAL | H100: MAYOR/MENOR CANTIDAD | I100: CANTIDAD TOTAL | J100: VALOR PARCIAL
A102: CAPITULO 16,0 | C102: PAÑETES, REVOQUES Y REPELLOS
A103: 16.1 | B103: 6.19 | C103: PAÑETE LISO MUROS 1:5, E=1.5 CM | D103: m² | E103: 33.2 | F103: 23334 | G103: =+E103*F103 -> 774688.8 | H103: =+I103-E103 -> 14.2564 | I103: =pañete!I70 -> 47.4564 | J103: =F103*I103 -> 1107347.6
G104: =SUM(G103) -> 774688.8 | J104: =SUM(J103) -> 1107347.6
A106: CAPITULO 17,0 | C106: CARPINTERIA METALICA
A107: 17.1 | B107: 10.7 | C107: PUERTA EN LÁMINA CAL 18 INC. ANTICORROSIVO | D107: m² | E107: 6.12 | F107: 269782 | G107: =+E107*F107 -> 1651065.8 | H107: =+I107-E107 -> 0 | I107: ='puerta metalica'!J52 -> 6.12 | J107: =F107*I107 -> 1651065.8
G108: =SUM(G107) -> 1651065.8 | J108: =SUM(J107) -> 1651065.8
A110: CAPITULO 18,0 | C110: INSTALACIONES HIDROSANITARIAS
A111: 18.1 | B111: 11.12 | C111: LLAVE MANGUERA | D111: und | E111: 4 | F111: 48237 | G111: =+E111*F111 -> 192948 | H111: =+I111-E111 -> -4 | I111: 0 | J111: =F111*I111 -> 0
G112: =SUM(G111) -> 192948 | J112: =SUM(J111) -> 0
A114: CAPITULO 19,0 | C114: PISOS,ACABADOS,ENCHAPES Y ACCESORIOS
A115: 19.1 | B115: 14.1 | C115: BALDOSA CERÁMICA PISO-PARED 20X20 CALIDAD PRIMERA | D115: m² | E115: 47.75 | F115: 73653 | G115: =+E115*F115 -> 3516930.8 | H115: =+I115-E115 -> -13.6564 | I115: ='Enchape Baterias Mejoramiento'!J24 -> 34.0936 | J115: =F115*I115 -> 2511095.9
A116: 19.2 | B116: 14.41 | C116: CERÁMICA PISO TRÁFICO 5, CALIDAD PRIMERA | D116: m² | E116: 8.083 | F116: 81311 | G116: =+E116*F116 -> 657236.81 | H116: =+I116-E116 -> -1.9631 | I116: ='Enchape Baterias Mejoramiento'!$J$56 -> 6.1199 | J116: =F116*I116 -> 497615.19
G117: =SUM(G115:G116) -> 4174167.6 | J117: =SUM(J115:J116) -> 3008711.1
A119: CAPITULO 20,0 | C119: APARATOS SANITARIOS
A120: 20.1 | B120: 17.1 | C120: SUMINISTRO E INSTALACIÓN SANITARIO TANQUE (INCLUYE GRIFERÍA) | D120: und | E120: 5 | F120: 370247 | G120: =+E120*F120 -> 1851235 | H120: =+I120-E120 -> 0 | I120: ='Sanitario tanque'!J26 -> 5 | J120: =F120*I120 -> 1851235
A121: 20.2 | B121: 17.6 | C121: SUMINISTRO E INSTALACIÓN LAVAMANOS DE EMPOTRAR(INCLUYE GRIFERÍA) | D121: und | E121: 2 | F121: 230281 | G121: =+E121*F121 -> 460562 | H121: =+I121-E121 -> -2 | I121: 0 | J121: =F121*I121 -> 0
G122: =SUM(G120:G121) -> 2311797 | J122: =SUM(J120:J121) -> 1851235
A124: CAPITULO 21,0 | C124: PINTURA
A125: 21.1 | B125: 18.9 | C125: ESMALTE SOBRE LÁMINA LLENA | D125: m² | E125: 12.24 | F125: 19683 | G125: =+E125*F125 -> 240919.92 | H125: =+I125-E125 -> -6.12 | I125: ='Esmalte Baterias'!J87 -> 6.12 | J125: =F125*I125 -> 120459.96
A126: 21.2 | B126: 18.23 | C126: VINILO SOBRE PAÑETE 2 MANOS | D126: m² | E126: 42.92 | F126: 10043 | G126: =+E126*F126 -> 431045.56 | H126: =+I126-E126 -> -11.27 | I126: 31.65 | J126: =F126*I126 -> 317860.95
...

Sheet APUs
F3: FORMATO | I3: VERSIÓN: 1
I4: CÓDIGO: STOA-GG-DT-APUS
D5: STOA INGENIERIA DE AVANZADA LTDA | I5: FECHA: 10/febrero/2026
D6: ANÁLISIS DE PRECIOS UNITARIOS
D8: No. CAPÍTULO | E8: C A P Í T U L O
D9: 30 | E9: ACTIVIDADES ADICIONALES
D10: No. SUB-CAPÍTULO | E10: S U B - C A P Í T U L O
D11: 30.1 | E11: CORTE DE ARBOL
D12: REF. PRECIO | E12: DESCRIPCIÓN DE LA ACTIVIDAD | J12: Unidad
D13: 2.01.07
D14: No. ÍTEM PRESUPUESTO | E14: CORTE ARBOL (INCLUYE DETOCONAMIENTO DE RAICES) - INCLUYE RETIRO | J14: UND
D15: APU02
D17: 2. EQUIPO
D18: Descripción | G18: Unidad | H18: Vr. Unitario | I18: Cantidad | J18: Valor parcial
D19: MOTOSIERRA | G19: HORA | H19: 15101 | I19: 5 | J19: =ROUND(IF(D19="","",H19*I19),0) -> 75505
D20: HERRAMIENTA Y EQUIPO MENOR (%M.O.) | G20: % | H20: =+J32 -> 261596 | I20: 0.05 | J20: =ROUND(IF(D20="","",H20*I20),0) -> 13080
J22: =+IF(D22="","",H22*I22)
J23: =+IF(D23="","",H23*I23)
G24: SUBTOTAL EQUIPO | J24: =ROUND(+SUM(J19:J23),2) -> 88585 | N24: 81151.25 | O24: =+J24-N24 -> 7433.75 | P24: =1-(+N24/J24) -> 0.083916577
D26: 3. MANO DE OBRA
D27: Descripción | G27: Unidad | H27: Vr. Unitario | I27: Cantidad | J27: Valor parcial
D28: MANO DE OBRA BB | G28: JORNAL | H28: 418554 | I28: 0.625 | J28: =ROUND(IF(D28="","",H28*I28),0) -> 261596
J29: =(+IF(D29="","",(H29*I29)))
J30: =(+IF(D30="","",(H30*I30)))
J31: =(+IF(D31="","",(H31*I31)))
G32: SUBTOTAL MANO DE OBRA | J32: =+ROUND(SUM(J28:J31),2) -> 261596 | N32: 16225 | O32: =+J32-N32 -> 245371 | P32: =1-(+N32/J32) -> 0.93797688
D34: 4. TRANSPORTE
D35: Descripción | G35: Unidad | H35: Vr. Unitario | I35: Cantidad | J35: Valor parcial
D36: VOLQUETA | G36: M3-20KM | H36: =1823*20 -> 36460 | I36: 3 | J36: =(+IF(D36="","",(H36*I36))) -> 109380
J37: =(+IF(D37="","",(H37*I37)))
J38: =(+IF(D38="","",(H38*I38)))
G40: SUBTOTAL TRANSPORTE | J40: =+ROUND(SUM(J36:J39),2) -> 109380
D42: COSTO DIRECTO | J42: =ROUND((SUM(+J24+J32+J40)),2) -> 459561
D44: INCREMENTO POR DISTANCIA (F.I.D.) | I44: =+'[13]PRESUPUESTO ORIGINAL'!$H$70 -> 0 | J44: =+J42*I44 -> 0
D45: TOTAL COSTO DIRECTO + INCREMENTO POR DISTANCIA | J45: =+J44+J42 -> 459561
D47: ADMINISTRACIÓN | I47: =+'[13]PRESUPUESTO ORIGINAL'!$E$1934 -> 0 | J47: =+J42*I47 -> 0
D48: IMPREVISTOS | I48: =+'[13]PRESUPUESTO ORIGINAL'!$E$1935 -> 0 | J48: =+J42*I48 -> 0
D49: UTILIDAD | I49: =+'[13]PRESUPUESTO ORIGINAL'!$E$1936 -> 0 | J49: =+J42*I49 -> 0
D50: TOTAL COSTOS INDIRECTOS | J50: =SUM(J47:J49) -> 0
D52: TOTAL COSTOS ACTIVIDAD (INCLUYE AIU E INCREMENTO POR DISTANCIA) | J52: =SUM(J45+J50) -> 459561 | N52: 97376.25 | O52: =+J52-N52 -> 362184.75 | P52: =1-(+N52/J52) -> 0.78811028
D54: OBSERVACIONES:
G56: ________________________________________
G57: Realizó
G59: ________________________________________
G60: Aprobó
F66: FORMATO | I66: VERSIÓN: 1
I67: CÓDIGO: STOA-GG-DT-APUS
D68: STOA INGENIERIA DE AVANZADA LTDA | I68: FECHA: 10/febrero/2026
D69: ANÁLISIS DE PRECIOS UNITARIOS
D71: No. CAPÍTULO | E71: C A P Í T U L O
D72: 2 | E72: ACTIVIDADES ADICIONALES
D73: No. SUB-CAPÍTULO | E73: S U B - C A P Í T U L O
D74: 2.15 | E74: CARPINTERIA METALICA
D75: REF. PRECIO | E75: DESCRIPCIÓN DE LA ACTIVIDAD | J75: Unidad
D76: 2.01.07
D77: No. ÍTEM PRESUPUESTO | E77: SUMINISTRO E INSTALACION DE MARCO PARA PUERTA EN ANGULO DE 11/4X1/8 INC ANTICORROSIVO | J77: M2
D78: APU03
D80: 1. MATERIAL
D81: Descripción | G81: Unidad | H81: Vr. Unitario | I81: Cantidad | J81: Valor parcial
D82: ANGULO 1/4" X 1/8 | G82: ML | H82: 6433 | I82: 1 | J82: =H82*I82 -> 6433
D83: ANTICORROSIVO | G83: GLN | H83: 69289 | I83: 0.02 | J83: =H83*I83 -> 1385.78
D84: PERNO EXPANSIVO TIPO CAMISA 1/2" X 3 | G84: UND | H84: 11296 | I84: 4 | J84: =H84*I84 -> 45184
D85: BISAGRA ALUMINIO EXT 2" | G85: UND | H85: 5084 | I85: 2 | J85: =H85*I85 -> 10168
D86: SOLDADURA ELECTRICA | G86: KG | H86: 26814 | I86: 0.1 | J86: =H86*I86 -> 2681.4
H87: SUBTOTAL DE MATERIALES | J87: =SUM(J82:J86) -> 65852.18
D88: 2. EQUIPO
D89: Descripción | G89: Unidad | H89: Vr. Unitario | I89: Cantidad | J89: Valor parcial
D90: HERRAMIENTA Y EQUIPO MENOR | G90: % | H90: 128588.64 | I90: 0.3 | J90: =H90*I90 -> 38576.592
D91: EQUIPO DE SOLDADURA | G91: HORA | H91: 14981 | I91: 1 | J91: =H91*I91 -> 14981
D92: PULIDORA | G92: DIA | H92: 43083 | I92: 0.08 | J92: =H92*I92 -> 3446.64
D93: TALADRO | G93: HORA | H93: 4621 | I93: 0.2 | J93: =H93*I93 -> 924.2
H94: SUBTOTAL EQUIPO | J94: =SUM(J90:J93) -> 57928.432
D95: 3. MANO DE OBRA
D96: Descripción | H96: Jornal | I96: Rendimiento | J96: Valor parcial
D97: CUADRILLA DE CARPINTERIA METALICA | H97: 228318 | I97: 3.8 | J97: =H97/I97 -> 60083.684
H99: SUBTOTAL MANO DE OBRA | J99: =J97 -> 60083.684
D100: COSTO DIRECTO | J100: =ROUND((SUM(+J87+J94+J99)),2) -> 183864.3
D102: INCREMENTO POR DISTANCIA (F.I.D.) | I102: =+'[14]PRESUPUESTO ORIGINAL'!$H$70 -> 0 | J102: =+J100*I102 -> 0
D103: TOTAL COSTO DIRECTO + INCREMENTO POR DISTANCIA | J103: =+J102+J100 -> 183864.3
D105: ADMINISTRACIÓN | I105: =+'[14]PRESUPUESTO ORIGINAL'!$E$1934 -> 0 | J105: =+J100*I105 -> 0
D106: IMPREVISTOS | I106: =+'[14]PRESUPUESTO ORIGINAL'!$E$1935 -> 0 | J106: =+J100*I106 -> 0
D107: UTILIDAD | I107: =+'[14]PRESUPUESTO ORIGINAL'!$E$1936 -> 0 | J107: =+J100*I107 -> 0
D108: TOTAL COSTOS INDIRECTOS | J108: =SUM(J105:J107) -> 0
D110: TOTAL COSTOS ACTIVIDAD (INCLUYE AIU E INCREMENTO POR DISTANCIA) | J110: =SUM(J103+J108) -> 183864.3
F114: FORMATO | I114: VERSIÓN: 1
I115: CÓDIGO: STOA-GG-DT-APUS
D116: STOA INGENIERIA DE AVANZADA LTDA | I116: FECHA: 10/febrero/2026
D117: ANÁLISIS DE PRECIOS UNITARIOS
D119: No. CAPÍTULO | E119: C A P Í T U L O
D120: 2 | E120: ACTIVIDADES ADICIONALES
D121: No. SUB-CAPÍTULO | E121: S U B - C A P Í T U L O
D122: 2.15 | E122: CARPINTERIA METALICA
D123: REF. PRECIO | E123: DESCRIPCIÓN DE LA ACTIVIDAD | J123: Unidad
D124: 2.01.07
D125: No. ÍTEM PRESUPUESTO | E125: SUMINISTRO E INSTALACION DE MARCO PARA PUERTA EN ANGULO DE 11/4X1/8 INC ANTICORROSIVO | J125: M2
D126: APU03
D128: 1. MATERIAL
D129: Descripción | G129: Unidad | H129: Vr. Unitario | I129: Cantidad | J129: Valor parcial
D130: ANGULO 2" X 1/8 | G130: ML | H130: 11650 | I130: 1 | J130: =H130*I130 -> 11650
D131: ANTICORROSIVO | G131: GLN | H131: 69289 | I131: 0.02 | J131: =H131*I131 -> 1385.78
...

Sheet excavacion
C2: MEMORIA DE CANTIDADES DE OBRA
B5: SOPORTE DEL MEMORIA DE CALCULO | K5: ABRIL DE 2026
B6: OBJETO | C6: PRESUPUESTO CONSTRUCCION DE BATERIA DE BAÑOS INSTITUCIÓN EDUCATIVA LUIS A. DUQUE PEÑA SEDE PRINCIPAL BARZALOZA
B7: CAPITULO | C7: 1 | D7: EXCAVACION Y EXPLANACIONES
B8: ITEM | C8: ='SABANA MOD. 2'!B14 -> 210.1.1 | D8: ='SABANA MOD. 2'!C14 -> EXPLANACIÓN Y EXCAVACIONES | N8: UNIDAD
N9: M3
B11: FECHA | C11: LOCALIZACIÓN | E11: DIMENSIONES | H11: CANTIDAD | I11: UNIDAD | J11: TOTAL | K11: ESQUEMA Y/O REGISTRO FOTOGRAFICO
E12: long | F12: alto | G12: ancho | J12: ACUMULADO
C13: Zapatas de 0,70x0,70 | E13: 0.7 | F13: 0.6 | G13: 0.75 | H13: 4 | J13: =SUM(E13*F13*G13*H13) -> 1.26
C14: viga | E14: =+viga!$F$17 -> 13.98 | F14: 0.3 | G14: 0.35 | H14: 1 | J14: =SUM(E14*F14*G14*H14) -> 1.4679
C15: Caja de Inspeccion | E15: 3 | F15: 0.3 | G15: 0.3 | H15: 1 | J15: =SUM(E15*F15*G15*H15) -> 0.27
C16: redes sanitarias 2" | E16: 8 | F16: 0.3 | G16: 0.4 | J16: =SUM(E16*F16*G16) -> 0.96
C17: redes sanitarias 4" | E17: 0.8 | F17: 0.4 | G17: 0.85 | J17: =SUM(E17*F17*G17) -> 0.272
B18: TOTAL ACUMULADO | J18: =ROUND(SUM(J13:J17),2) -> 4.23
B19: TOTAL ANTERIOR | J19: 0
B20: TOTAL | J20: =J18-J19 -> 4.23
B22: Aprobó: | F22: Elaboró: | K22: Aprobó:
B26: MANUEL ALEJANDRO GRIMALDOS MOJICA | F26: NICOLE GISEL AVENDAÑO GONZALEZ | K26: JUAN CARLOS CAJIAO ROJAS
B27: INGENIERO CIVIL | F27: INGENIERA CIVIL | K27: SUPERVISOR
B28: M.P. 17202-107325 CLD | F28: M.P. 041037-0700433 BOY
AC32: =+AA32-AB32 -> 0

Sheet retiro de sobrantes
C2: MEMORIA DE CANTIDADES DE OBRA
B5: SOPORTE DEL MEMORIA DE CALCULO | K5: ABRIL DE 2026
B6: OBJETO | C6: PRESUPUESTO CONSTRUCCION DE BATERIA DE BAÑOS INSTITUCIÓN EDUCATIVA LUIS A. DUQUE PEÑA SEDE PRINCIPAL BARZALOZA
B7: CAPITULO | C7: 1 | D7: PRELIMINARES
B8: ITEM | C8: ='SABANA MOD. 2'!B17 -> 1.46 | D8: RETIRO DE SOBRANTES A UNA DISTANCIA DE 5 KM (INCLUYE CARGUE Y BOTADERO AUTORIZADO) | N8: UNIDAD
N9: M3
B11: FECHA | C11: LOCALIZACIÓN | E11: DIMENSIONES | H11: FACTOR EXPANSION | I11: CANT, M3 | J11: TOTAL | K11: ESQUEMA Y/O REGISTRO FOTOGRAFICO
E12: long | F12: alto | G12: ancho | J12: ACUMULADO
C13: DEMOLICION DE PLACA PISO | E13: 6 | F13: 0.3 | G13: 6 | H13: 0.25 | J13: =SUM(E13*F13*G13)*(1+H13) -> 13.5
C14: EXCAVACIONES | H14: 0.25 | I14: =excavacion!J20 -> 4.23 | J14: =+I14*H14 -> 1.0575
C15: RESIDUOS DE OBRA | E15: 3.5 | F15: 1 | G15: 1 | I15: =E15*F15*G15 -> 3.5 | J15: =SUM(+I15) -> 3.5
C16: ANDEN | E16: 1 | F16: 0.6 | G16: 0.15 | H16: 0.25 | J16: =SUM(E16*F16*G16)*(1+H16) -> 0.1125
B17: TOTAL ACUMULADO | J17: =ROUND(SUM(J13:J16),2) -> 18.17
B18: TOTAL ANTERIOR | J18: 0
B19: TOTAL | J19: =J17-J18 -> 18.17
B21: Aprobó: | F21: Elaboró: | K21: Aprobó:
B25: MANUEL ALEJANDRO GRIMALDOS MOJICA | F25: NICOLE GISEL AVENDAÑO GONZALEZ | K25: JUAN CARLOS CAJIAO ROJAS
B26: INGENIERO CIVIL | F26: INGENIERA CIVIL | K26: SUPERVISOR
B27: M.P. 17202-107325 CLD | F27: M.P. 041037-0700433 BOY
AC31: =+AA31-AB31 -> 0

Sheet viga
C2: MEMORIA DE CANTIDADES DE OBRA
B5: SOPORTE DEL MEMORIA DE CALCULO | K5: ABRIL DE 2026
B6: OBJETO | C6: PRESUPUESTO CONSTRUCCION DE BATERIA DE BAÑOS INSTITUCIÓN EDUCATIVA LUIS A. DUQUE PEÑA SEDE PRINCIPAL BARZALOZA
B7: CAPITULO | C7: 2 | D7: CIMIENTOS
B8: ITEM | C8: ='SABANA MOD. 2'!B20 -> 2.7 | D8: VIGA DE AMARRE EN CONCRETO 3500 PSI | N8: UNIDAD
N9: M3
B11: FECHA | C11: LOCALIZACIÓN | E11: DIMENSIONES | H11: CANTIDAD | I11: UNIDAD | J11: TOTAL | K11: ESQUEMA Y/O REGISTRO FOTOGRAFICO
E12: alto | F12: long | G12: ancho | J12: ACUMULADO
C13: FACHADA FRONTAL | E13: 0.25 | F13: 3.33 | G13: 0.25 | J13: =SUM(E13*F13*G13) -> 0.208125
C14: FECHADA LATERAL DERECHA | E14: 0.25 | F14: 3.66 | G14: 0.25 | J14: =SUM(E14*F14*G14) -> 0.22875
C15: FACHADA LATERAL IZQUIERDA | E15: 0.25 | F15: 3.33 | G15: 0.25 | J15: =SUM(E15*F15*G15) -> 0.208125
C16: FACHADA POSTERIOR | E16: 0.25 | F16: 3.66 | G16: 0.25 | J16: =SUM(E16*F16*G16) -> 0.22875
C17: longitud total de viga | F17: =SUM(F13:F16) -> 13.98
B18: TOTAL ACUMULADO | J18: =ROUND(SUM(J13:J17),2) -> 0.87
B19: TOTAL ANTERIOR | J19: 0
B20: TOTAL | J20: =J18-J19 -> 0.87
B22: Aprobó: | F22: Elaboró: | K22: Aprobó:
B26: MANUEL ALEJANDRO GRIMALDOS MOJICA | F26: NICOLE GISEL AVENDAÑO GONZALEZ | K26: JUAN CARLOS CAJIAO ROJAS
B27: INGENIERO CIVIL | F27: INGENIERA CIVIL | K27: SUPERVISOR
B28: M.P. 17202-107325 CLD | F28: M.P. 041037-0700433 BOY
AC32: =+AA32-AB32 -> 0

Sheet zapata
C2: MEMORIA DE CANTIDADES DE OBRA
B5: SOPORTE DEL MEMORIA DE CALCULO | K5: ABRIL DE 2026
B6: OBJETO | C6: PRESUPUESTO CONSTRUCCION DE BATERIA DE BAÑOS INSTITUCIÓN EDUCATIVA LUIS A. DUQUE PEÑA SEDE PRINCIPAL BARZALOZA
B7: CAPITULO | C7: 2 | D7: CIMIENTOS
B8: ITEM | C8: =+#REF! -> #REF! | D8: ZAPATAS EN CONCRETO 3500 PSI | N8: UNIDAD
N9: M3
B11: FECHA | C11: LOCALIZACIÓN | E11: DIMENSIONES | H11: CANTIDAD | I11: UNIDAD | J11: TOTAL | K11: ESQUEMA Y/O REGISTRO FOTOGRAFICO
E12: long | F12: alto | G12: ancho | J12: ACUMULADO
C13: Zapatas de 0,70x0,70 | E13: 0.7 | F13: 0.35 | G13: 0.7 | H13: 4 | J13: =SUM(E13*F13*G13*H13) -> 0.686
B17: TOTAL ACUMULADO | J17: =ROUND(SUM(J13:J16),2) -> 0.69
B18: TOTAL ANTERIOR | J18: 0
B19: TOTAL | J19: =J17-J18 -> 0.69
B21: Aprobó: | F21: Elaboró: | K21: Aprobó:
B25: MANUEL ALEJANDRO GRIMALDOS MOJICA | F25: NICOLE GISEL AVENDAÑO GONZALEZ | K25: JUAN CARLOS CAJIAO ROJAS
B26: INGENIERO CIVIL | F26: INGENIERA CIVIL | K26: SUPERVISOR
B27: M.P. 17202-107325 CLD | F27: M.P. 041037-0700433 BOY
AC31: =+AA31-AB31 -> 0

Sheet caja inspeccion
C2: MEMORIA DE CANTIDADES DE OBRA
B5: SOPORTE DEL MEMORIA DE CALCULO | K5: ABRIL DE 2026
B6: OBJETO | C6: PRESUPUESTO CONSTRUCCION DE BATERIA DE BAÑOS INSTITUCIÓN EDUCATIVA LUIS A. DUQUE PEÑA SEDE PRINCIPAL BARZALOZA
B7: CAPITULO | C7: 3 | D7: DESAGÜES E INSTALACIONES SUBTERRÁNEAS
B8: ITEM | C8: ='SABANA MOD. 2'!B25 -> 3.6 | D8: CAJA DE INSPECCION DE 0,60X0,60
N9: UND
B11: FECHA | C11: LOCALIZACIÓN | I11: unidades | J11: TOTAL | K11: ESQUEMA Y/O REGISTRO FOTOGRAFICO
C13: Interna Baño Prescolar | I13: 1 | J13: =+I13 -> 1
C14: Conexión General | I14: 1 | J14: =+I14 -> 1
B20: TOTAL ACUMULADO | J20: =SUM(J12:J19) -> 2
B21: TOTAL ANTERIOR | J21: 0
B22: TOTAL | J22: =J20-J21 -> 2
B24: Aprobó: | F24: Elaboró: | K24: Aprobó:
B28: MANUEL ALEJANDRO GRIMALDOS MOJICA | F28: NICOLE GISEL AVENDAÑO GONZALEZ | K28: JUAN CARLOS CAJIAO ROJAS
B29: INGENIERO CIVIL | F29: INGENIERA CIVIL | K29: SUPERVISOR
B30: M.P. 17202-107325 CLD | F30: M.P. 041037-0700433 BOY

Sheet columnas
C2: MEMORIA DE CANTIDADES DE OBRA
B5: SOPORTE DEL MEMORIA DE CALCULO | K5: ABRIL DE 2026
B6: OBJETO | C6: PRESUPUESTO CONSTRUCCION DE BATERIA DE BAÑOS INSTITUCIÓN EDUCATIVA LUIS A. DUQUE PEÑA SEDE PRINCIPAL BARZALOZA
B7: CAPITULO | C7: 5 | D7: ESTRUCTURAS EN CONCRETO
B8: ITEM | C8: =+'SABANA MOD. 2'!A29 -> 5.1 | D8: COLUMNAS 3500 PSI | N8: UNIDAD
N9: M3
B11: FECHA | C11: LOCALIZACIÓN | E11: DIMENSIONES | H11: CANTIDAD | I11: log columnas | J11: TOTAL | K11: ESQUEMA Y/O REGISTRO FOTOGRAFICO
E12: alto | F12: ancho | G12: ancho | J12: ACUMULADO
C13: Columna culata mayor (trasera) | E13: 3.25 | F13: 0.25 | G13: 0.15 | H13: 2 | J13: =SUM(E13*F13*G13*H13) -> 0.24375
C14: Columna culata menor (delantera) | E14: 2.6 | F14: 0.25 | G14: 0.15 | H14: 2 | J14: =SUM(E14*F14*G14*H14) -> 0.195
B20: TOTAL ACUMULADO | J20: =ROUND(SUM(J13:J19),2) -> 0.44
B21: TOTAL ANTERIOR | J21: 0
B22: TOTAL | J22: =J20-J21 -> 0.44
B24: Aprobó: | F24: Elaboró: | K24: Aprobó:
B28: MANUEL ALEJANDRO GRIMALDOS MOJICA | F28: NICOLE GISEL AVENDAÑO GONZALEZ | K28: JUAN CARLOS CAJIAO ROJAS
B29: INGENIERO CIVIL | F29: INGENIERA CIVIL | K29: SUPERVISOR
B30: M.P. 17202-107325 CLD | F30: M.P. 041037-0700433 BOY
AC31: =+X32*0.01 -> 0
AC35: =+AA35-AB35 -> 0

Sheet viga aerea
C2: MEMORIA DE CANTIDADES DE OBRA
B5: SOPORTE DEL MEMORIA DE CALCULO | K5: ABRIL DE 2026
B6: OBJETO | C6: PRESUPUESTO CONSTRUCCION DE BATERIA DE BAÑOS INSTITUCIÓN EDUCATIVA LUIS A. DUQUE PEÑA SEDE PRINCIPAL BARZALOZA
B7: CAPITULO | C7: 5 | D7: ESTRUCTURAS EN CONCRETO
B8: ITEM | C8: =+'SABANA MOD. 2'!A30 -> 5.2 | D8: VIGA AÉREA 3500 PSI | N8: UNIDAD
N9: M3
B11: FECHA | C11: LOCALIZACIÓN | E11: DIMENSIONES | H11: CANTIDAD | I11: UNIDAD | J11: TOTAL | K11: ESQUEMA Y/O REGISTRO FOTOGRAFICO
E12: alto | F12: ancho | G12: ancho | J12: ACUMULADO
C13: VIGA FACHADA FRONTAL | E13: 0.2 | F13: 3.33 | G13: 0.15 | J13: =SUM(E13*F13*G13) -> 0.0999
C14: VIGA FACHADA LATERAL DERECHA | E14: 0.2 | F14: 3.66 | G14: 0.15 | J14: =SUM(E14*F14*G14) -> 0.1098
C15: VIGA FACHADA LATERAL IZQUIERDA | E15: 0.2 | F15: 3.33 | G15: 0.15 | J15: =SUM(E15*F15*G15) -> 0.0999
C16: VIGA FACHADA POSTERIOR | E16: 0.2 | F16: 3.66 | G16: 0.15 | J16: =SUM(E16*F16*G16) -> 0.1098
J17: =SUM(E17*F17*G17) -> 0
J18: =SUM(E18*F18*G18) -> 0
J19: =SUM(E19*F19*G19) -> 0
B21: TOTAL ACUMULADO | J21: =ROUND(SUM(J13:J20),2) -> 0.42
B22: TOTAL ANTERIOR | J22: 0
B23: TOTAL | J23: =SUM(J13:J20) -> 0.4194
B25: Aprobó: | F25: Elaboró: | K25: Aprobó:
B29: MANUEL ALEJANDRO GRIMALDOS MOJICA | F29: NICOLE GISEL AVENDAÑO GONZALEZ | K29: JUAN CARLOS CAJIAO ROJAS
B30: INGENIERO CIVIL | F30: INGENIERA CIVIL | K30: SUPERVISOR
B31: M.P. 17202-107325 CLD | F31: M.P. 041037-0700433 BOY
AC32: =+X33*0.01 -> 0
AC36: =+AA36-AB36 -> 0

Sheet acero 60000
C2: MEMORIA DE CANTIDADES DE OBRA
B5: SOPORTE DEL MEMORIA DE CALCULO | L5: ABRIL DE 2026
B6: OBJETO | C6: PRESUPUESTO CONSTRUCCION DE BATERIA DE BAÑOS INSTITUCIÓN EDUCATIVA LUIS A. DUQUE PEÑA SEDE PRINCIPAL BARZALOZA
B7: CAPITULO | C7: 5 | D7: ESTRUCTURAS EN CONCRETO
B8: ITEM | C8: =+'SABANA MOD. 2'!A31 -> 5.3 | D8: ACERO FIGURADO 60000 PSI | O8: UNIDAD
O9: KG
B11: FECHA | C11: LOCALIZACIÓN | E11: DIMENSIONES | H11: CANTIDAD | J11: FACTOR CONVERSION | K11: TOTAL | L11: ESQUEMA Y/O REGISTRO FOTOGRAFICO
E12: LONG | F12: varillas | G12: long parcial | I12: long total | K12: ACUMULADO
C13: Acero figurado en ZAPATAS | E13: 1 | F13: 8 | G13: =SUM(E13*F13) -> 8 | H13: 4 | I13: =SUM(G13*H13) -> 32 | J13: 1 | K13: =SUM(E13*F13*H13*J13) -> 32
C14: Acero figurado en TOTAL ML DE VIGA AMARRE | E14: =+viga!F17+0.4 -> 14.38 | F14: 4 | G14: =SUM(E14*F14) -> 57.52 | H14: 1 | I14: =SUM(G14*H14) -> 57.52 | J14: 1 | K14: =SUM(E14*F14*H14*J14) -> 57.52
C15: Acero figurado en TOTAL ML COLUMNAS | E15: =+columnas!E13+0.4 -> 3.65 | F15: 4 | G15: =SUM(E15*F15) -> 14.6 | H15: 2 | I15: =SUM(G15*H15) -> 29.2 | J15: 1 | K15: =SUM(E15*F15*H15*J15) -> 29.2
C16: TOTAL ML COLUMNAS | E16: =+columnas!E14+0.4 -> 3 | F16: 4 | G16: =SUM(E16*F16) -> 12 | H16: 2 | I16: =SUM(G16*H16) -> 24 | J16: 1 | K16: =SUM(E16*F16*H16*J16) -> 24
C17: TOTAL ML VIGA AEREA | E17: =+SUM('viga aerea'!F13:F16)+0.4 -> 14.38 | F17: 4 | G17: =SUM(E17*F17) -> 57.52 | H17: 1 | I17: =SUM(G17*H17) -> 57.52 | J17: 1 | K17: =SUM(E17*F17*H17*J17) -> 57.52
K18: =ROUND(SUM(K13:K17),2) -> 200.24 | T18: 0.3.
A19: } | B19: TOTAL ANTERIOR | K19: 0
B20: TOTAL | K20: =K18-K19 -> 200.24
B22: Aprobó: | F22: Elaboró: | K22: Aprobó:
B26: MANUEL ALEJANDRO GRIMALDOS MOJICA | F26: NICOLE GISEL AVENDAÑO GONZALEZ | K26: JUAN CARLOS CAJIAO ROJAS
B27: INGENIERO CIVIL | F27: INGENIERA CIVIL | K27: SUPERVISOR
B28: M.P. 17202-107325 CLD | F28: M.P. 041037-0700433 BOY
AD29: =+Y30*0.01 -> 0
AD33: =+AB33-AC33 -> 0

Sheet acero de 37000
C2: MEMORIA DE CANTIDADES DE OBRA
B5: SOPORTE DEL MEMORIA DE CALCULO | K5: ABRIL DE 2026
B6: OBJETO | C6: PRESUPUESTO CONSTRUCCION DE BATERIA DE BAÑOS INSTITUCIÓN EDUCATIVA LUIS A. DUQUE PEÑA SEDE PRINCIPAL BARZALOZA
B7: CAPITULO | C7: 5 | D7: ESTRUCTURAS EN CONCRETO
B8: ITEM | C8: 5.4 | D8: ACERO FIGURADO 37000 PSI | N8: UNIDAD
N9: KG
B11: FECHA | C11: LOCALIZACIÓN | E11: DIMENSIONES | H11: LONG TOTAL FLEJE | I11: FACTOR CONVERSION | J11: TOTAL | K11: ESQUEMA Y/O REGISTRO FOTOGRAFICO
E12: LONG | F12: LONG FLEJE | G12: numero de flejes | J12: ACUMULADO
C13: Acero figurado en viga de amarre | E13: =+'acero 60000'!E14-0.4 -> 13.98 | F13: 0.9 | G13: =SUM(E13/0.2) -> 69.9 | H13: =SUM(F13*G13) -> 62.91 | I13: 0.65 | J13: =SUM(H13*I13) -> 40.8915
C14: Acero figurado en viga aerea | E14: =+'acero 60000'!E17-0.4 -> 13.98 | F14: 0.65 | G14: =SUM(E14/0.2) -> 69.9 | H14: =SUM(F14*G14) -> 45.435 | I14: 0.65 | J14: =SUM(H14*I14) -> 29.53275
C15: Acero figurado en columnas | E15: =+'acero 60000'!E15-0.4 -> 3.25 | F15: 0.9 | G15: =ROUND(SUM(E15/0.2),0) -> 16 | H15: =SUM(F15*G15) -> 14.4 | I15: 0.65 | J15: =SUM(H15*I15) -> 9.36
C16: Acero figurado en columnas | E16: =+'acero 60000'!E16-0.4 -> 2.6 | F16: 0.9 | G16: =ROUND(SUM(E16/0.2),0) -> 13 | H16: =SUM(F16*G16) -> 11.7 | I16: 0.65 | J16: =SUM(H16*I16) -> 7.605
J20: =ROUND(SUM(J13:J19),2) -> 87.39
B21: TOTAL ANTERIOR | J21: 0
B22: TOTAL | J22: =J20-J21 -> 87.39
B24: Aprobó: | F24: Elaboró: | K24: Aprobó:
B28: MANUEL ALEJANDRO GRIMALDOS MOJICA | F28: NICOLE GISEL AVENDAÑO GONZALEZ | K28: JUAN CARLOS CAJIAO ROJAS
B29: INGENIERO CIVIL | F29: INGENIERA CIVIL | K29: SUPERVISOR
B30: M.P. 17202-107325 CLD | F30: M.P. 041037-0700433 BOY
AC31: =+X32*0.01 -> 0
AC35: =+AA35-AB35 -> 0

Sheet malla
C2: MEMORIA DE CANTIDADES DE OBRA
B5: SOPORTE DEL MEMORIA DE CALCULO | K5: ABRIL DE 2026
B6: OBJETO | C6: PRESUPUESTO CONSTRUCCION DE BATERIA DE BAÑOS INSTITUCIÓN EDUCATIVA LUIS A. DUQUE PEÑA SEDE PRINCIPAL BARZALOZA
B7: CAPITULO | C7: 5 | D7: ESTRUCTURAS EN CONCRETO
B8: ITEM | C8: =+'SABANA MOD. 2'!A33 -> 5.5 | D8: REFUERZO MALLA ELECTROSOLDADA | N8: UNIDAD
N9: KG
B11: FECHA | C11: LOCALIZACIÓN | E11: DIMENSIONES | H11: peso de malla por m2 | I11: FACTOR CONVERSION malla 0,15x0,15 | J11: TOTAL | K11: ESQUEMA Y/O REGISTRO FOTOGRAFICO
E12: largo | F12: ancho | G12: area | J12: ACUMULADO
C13: area piso baños prescolar | E13: 3.36 | F13: 3.66 | G13: =SUM(E13*F13) -> 12.2976 | H13: 2.99 | J13: =SUM(G13*H13) -> 36.769824
B19: TOTAL ACUMULADO | J19: =ROUND(SUM(J13:J18),2) -> 36.77
B20: TOTAL ANTERIOR | J20: 0
B21: TOTAL | J21: =J19-J20 -> 36.77
B23: Aprobó: | F23: Elaboró: | K23: Aprobó:
B27: MANUEL ALEJANDRO GRIMALDOS MOJICA | F27: NICOLE GISEL AVENDAÑO GONZALEZ | K27: JUAN CARLOS CAJIAO ROJAS
B28: INGENIERO CIVIL | F28: INGENIERA CIVIL | K28: SUPERVISOR
B29: M.P. 17202-107325 CLD | F29: M.P. 041037-0700433 BOY
AC30: =+X31*0.01 -> 0
AC34: =+AA34-AB34 -> 0

Sheet muros 
C2: MEMORIA DE CANTIDADES DE OBRA
B5: SOPORTE DEL MEMORIA DE CALCULO | K5: ABRIL DE 2026
B6: OBJETO | C6: PRESUPUESTO CONSTRUCCION DE BATERIA DE BAÑOS INSTITUCIÓN EDUCATIVA LUIS A. DUQUE PEÑA SEDE PRINCIPAL BARZALOZA
B7: CAPITULO | C7: 6 | D7: MAMPOSTERÍA
B8: ITEM | C8: 6.1 | D8: MURO EN BLOQUE Nº 5 E=0.12 M | N8: UNIDAD
N9: M2
B11: FECHA | C11: LOCALIZACIÓN | E11: DIMENSIONES | H11: CANTIDAD | I11: menos area puerta | J11: TOTAL | K11: ESQUEMA Y/O REGISTRO FOTOGRAFICO
E12: largo | F12: ALTO | G12: AREA | J12: ACUMULADO
C13: Muros en fachada frontal | E13: =SUM(3.35-0.94) -> 2.41 | F13: 2.48 | H13: 1 | J13: =SUM(E13*F13)*H13 -> 5.9768
C14: Muros en fachada posterior | E14: 3.35 | F14: 2.95 | H14: 1 | J14: =SUM(E14*F14)*H14 -> 9.8825
C15: Muros en fachada lateral derecha | E15: 2.85 | F15: 2.75 | H15: 1 | J15: =SUM(E15*F15)*H15 -> 7.8375
C16: Muros en fachada lateral izquierda | E16: 2.85 | F16: 2.75 | H16: 1 | J16: =SUM(E16*F16)*H16 -> 7.8375
C17: Muros en Meson Lavamanos | E17: 0.57 | F17: 0.6 | H17: 2 | J17: =SUM(E17*F17)*H17 -> 0.684
C18: Muros en separadores Internos | E18: =SUM(1+0.36) -> 1.36 | F18: 2.02 | H18: 1 | J18: =SUM(E18*F18)*H18 -> 2.7472
C19: Muros en Separadores Internos | E19: =SUM(1+0.5) -> 1.5 | F19: 2.02 | H19: 1 | J19: =SUM(E19*F19)*H19 -> 3.03
C20: DESCUENTO PUERTA | E20: 0.94 | F20: 1.87 | H20: -1 | J20: =SUM(E20*F20)*H20 -> -1.7578
C21: DESCUENTO VENTANA | E21: 0.3 | F21: 2.6 | H21: -1 | J21: =SUM(E21*F21)*H21 -> -0.78
C22: DESCUENTO VENTANA | E22: 0.6 | F22: 1 | H22: -1 | J22: =SUM(E22*F22)*H22 -> -0.6
B23: TOTAL ACUMULADO | J23: =SUM(J13:J22) -> 34.8577
B24: TOTAL ANTERIOR | J24: 0
B25: TOTAL | J25: =J23-J24 -> 34.8577
B28: Aprobó: | F28: Elaboró: | K28: Aprobó:
B32: MANUEL ALEJANDRO GRIMALDOS MOJICA | F32: NICOLE GISEL AVENDAÑO GONZALEZ | K32: JUAN CARLOS CAJIAO ROJAS
B33: INGENIERO CIVIL | F33: INGENIERA CIVIL | K33: SUPERVISOR
B34: M.P. 17202-107325 CLD | F34: M.P. 041037-0700433 BOY
AC38: =+AA38-AB38 -> 0

Sheet pañete
C2: MEMORIA DE CANTIDADES DE OBRA
B5: SOPORTE DEL MEMORIA DE CALCULO | J5: ABRIL DE 2026
B6: OBJETO | C6: PRESUPUESTO CONSTRUCCION DE BATERIA DE BAÑOS INSTITUCIÓN EDUCATIVA LUIS A. DUQUE PEÑA SEDE PRINCIPAL BARZALOZA
B7: CAPITULO | C7: 7 | D7: PAÑETES, REVOQUES Y REPELLOS
B8: ITEM | C8: 7.1 | D8: PAÑETE LISO MUROS 1:4, E=1.5 CM | M8: UNIDAD
M9: M2
B11: FECHA | C11: LOCALIZACIÓN | E11: DIMENSIONES | G11: CANTIDAD | H11: menos area puerta | I11: TOTAL | J11: ESQUEMA Y/O REGISTRO FOTOGRAFICO
E12: largo | F12: ALTO | I12: ACUMULADO
C13: Pañete liso en muros fachada frontal | E13: 3.0510835 | F13: 2.55 | G13: 1 | I13: =SUM(E13*F13)*G13 -> 7.7802629
C14: Pañete liso en muros fachada frontal | E14: 2.7 | F14: 2.55 | G14: 1 | I14: =SUM(E14*F14)*G14 -> 6.885
C15: Pañete liso en muros fachada posterior | E15: 3.35 | F15: 2.95 | G15: 1 | I15: =SUM(E15*F15)*G15 -> 9.8825
C16: Pañete liso en muros fachada lateral derecha | E16: 3.36 | F16: 2.7 | G16: 1 | I16: =SUM(E16*F16)*G16 -> 9.072
C17: Pañete liso en muros fachada lateral derecha interna | E17: 3 | F17: 2.7 | G17: 1 | I17: =SUM(E17*F17)*G17 -> 8.1
C18: Pañete liso en muros fachada lateral izquierda | E18: 3.36 | F18: 2.7 | G18: 1 | I18: =SUM(E18*F18)*G18 -> 9.072
C19: Pañete liso en muros fachada lateral izquierda interna | E19: 3 | F19: 2.7 | G19: 1 | I19: =SUM(E19*F19)*G19 -> 8.1
C20: Pañete liso en Meson Lavamanos | E20: 0.57 | F20: 0.6 | G20: 4 | I20: =SUM(E20*F20)*G20 -> 1.368
C21: Pañete liso en Meson Lavamanos | E21: 0.15 | F21: 0.57 | G21: 2 | I21: =SUM(E21*F21)*G21 -> 0.171
C22: Pañete liso en muros Separadores Internos | E22: =SUM(1+1.15+0.36+0.15) -> 2.66 | F22: 2.02 | G22: 1 | I22: =SUM(E22*F22)*G22 -> 5.3732
C23: Pañete liso en muros Separadores Internos | E23: =SUM(1+1+0.16+0.19+0.15+0.5) -> 3 | F23: 2.02 | G23: 1 | I23: =SUM(E23*F23)*G23 -> 6.06
C24: Pañete liso en muros ventanas | E24: =SUM(1.87+1.87+0.94) -> 4.68 | F24: 0.15 | G24: 1 | I24: =SUM(E24*F24)*G24 -> 0.702
C25: Pañete liso en ventana 01 | E25: =SUM(1+1+0.6+0.6) -> 3.2 | F25: 0.15 | G25: 1 | I25: =SUM(E25*F25)*G25 -> 0.48
C27: Pañete liso en ventanas 02 | E27: =SUM(2.6+2.6+0.3+0.3) -> 5.8 | F27: 0.15 | G27: 1 | I27: =SUM(E27*F27)*G27 -> 0.87
C28: DESCUENTO PUERTA | E28: 0.94 | F28: 1.87 | G28: -1 | I28: =SUM(E28*F28)*G28 -> -1.7578
B30: TOTAL ACUMULADO | I30: =SUM(I13:I28) -> 72.158163
B31: TOTAL ANTERIOR | I31: 0
B32: TOTAL | I32: =I30-I31 -> 72.158163
B35: Aprobó: | F35: Elaboró: | K35: Aprobó:
B39: MANUEL ALEJANDRO GRIMALDOS MOJICA | F39: NICOLE GISEL AVENDAÑO GONZALEZ | K39: JUAN CARLOS CAJIAO ROJAS
B40: INGENIERO CIVIL | F40: INGENIERA CIVIL | K40: SUPERVISOR
B41: M.P. 17202-107325 CLD | F41: M.P. 041037-0700433 BOY
C45: MEMORIA DE CANTIDADES DE OBRA | AB45: =+W46*0.01 -> 0
B48: SOPORTE DEL MEMORIA DE CALCULO | J48: ABRIL DE 2026
B49: OBJETO | C49: PRESUPUESTO CONSTRUCCION DE BATERIA DE BAÑOS INSTITUCIÓN EDUCATIVA LUIS A. DUQUE PEÑA SEDE PRINCIPAL BARZALOZA | AB49: =+Z49-AA49 -> 0
B50: CAPITULO | C50: 6 | D50: MAMPOSTERÍA
B51: ITEM | C51: 6.17 | D51: PAÑETE LISO MUROS 1:4, E=1.5 CM | M51: UNIDAD
M52: M2
B54: FECHA | C54: LOCALIZACIÓN | E54: DIMENSIONES | H54: CANTIDAD | I54: TOTAL | J54: ESQUEMA Y/O REGISTRO FOTOGRAFICO
E55: ALTO | G55: ANCHO | I55: ACUMULADO
C56: BAÑO 1 | E56: 2.13 | G56: 3.53 | H56: 2 | I56: =G56*E56 -> 7.5189
C57: BAÑO 2 | E57: 2.13 | G57: 3.72 | H57: 2 | I57: =G57*E57 -> 7.9236
C58: BAÑO 3 | E58: 2.13 | G58: 3.31 | H58: 2 | I58: =G58*E58 -> 7.0503
C59: BAÑO 4 | E59: 2.13 | G59: 4.04 | H59: 2 | I59: =G59*E59 -> 8.6052
C60: BAÑO 5 | E60: 2.13 | G60: 3.75 | H60: 2 | I60: =G60*E60 -> 7.9875
C61: ENCHAPE EXTERIOR | E61: 2.13 | G61: 3.93 | H61: 2 | I61: =G61*E61 -> 8.3709
B68: TOTAL ACUMULADO | I68: =SUM(I56:I66) -> 47.4564
B69: TOTAL ANTERIOR | I69: 0
B70: TOTAL | I70: =I68-I69 -> 47.4564
B72: Aprobó: | F72: Elaboró: | K72: Aprobó:
B76: MANUEL ALEJANDRO GRIMALDOS MOJICA | F76: NICOLE GISEL AVENDAÑO GONZALEZ | K76: JUAN CARLOS CAJIAO ROJAS
B77: INGENIERO CIVIL | F77: INGENIERA CIVIL | K77: SUPERVISOR
B78: M.P. 17202-107325 CLD | F78: M.P. 041037-0700433 BOY

Sheet cubierta
C2: MEMORIA DE CANTIDADES DE OBRA
B5: SOPORTE DEL MEMORIA DE CALCULO | K5: ABRIL DE 2026
B6: OBJETO | C6: PRESUPUESTO CONSTRUCCION DE BATERIA DE BAÑOS INSTITUCIÓN EDUCATIVA LUIS A. DUQUE PEÑA SEDE PRINCIPAL BARZALOZA
B7: CAPITULO | C7: 8 | D7: CUBIERTAS
B8: ITEM | C8: =+'SABANA MOD. 2'!A45 -> 8.1 | D8: TEJA EN LÁMINA GALVANIZADA CAL 26 PINTADA | N8: UNIDAD
N9: m2
B11: FECHA | C11: LOCALIZACIÓN | E11: DIMENSIONES | H11: CANTIDAD | I11: AREA TOTAL | J11: TOTAL | K11: ESQUEMA Y/O REGISTRO FOTOGRAFICO
E12: largo | F12: ancho | G12: AREA | J12: ACUMULADO
C13: cubierta baños niñas | E13: =3.6+0.7 -> 4.3 | F13: =3.3+0.7 -> 4 | G13: =SUM(E13*F13) -> 17.2 | J13: =SUM(+G13) -> 17.2
B20: TOTAL ACUMULADO | J20: =SUM(J13:J19) -> 17.2
B21: TOTAL ANTERIOR | J21: 0
B22: TOTAL | J22: =J20-J21 -> 17.2
B24: Aprobó: | F24: Elaboró: | K24: Aprobó:
B28: MANUEL ALEJANDRO GRIMALDOS MOJICA | F28: NICOLE GISEL AVENDAÑO GONZALEZ | K28: JUAN CARLOS CAJIAO ROJAS
B29: INGENIERO CIVIL | F29: INGENIERA CIVIL | K29: SUPERVISOR
B30: M.P. 17202-107325 CLD | F30: M.P. 041037-0700433 BOY
AC31: =+X32*0.01 -> 0
AC35: =+AA35-AB35 -> 0

Sheet estruc. cubierta
C2: MEMORIA DE CANTIDADES DE OBRA
B5: SOPORTE DEL MEMORIA DE CALCULO | K5: ABRIL DE 2026
B6: OBJETO | C6: PRESUPUESTO CONSTRUCCION DE BATERIA DE BAÑOS INSTITUCIÓN EDUCATIVA LUIS A. DUQUE PEÑA SEDE PRINCIPAL BARZALOZA
B7: CAPITULO | C7: 8 | D7: ESTRUCTURA PARA CUBIERTA
B8: ITEM | C8: =+'SABANA MOD. 2'!A46 -> 8.2 | D8: ESTRUCTURA PARA CUBIERTA EN LÁMINA GALVANIZADA | N8: UNIDAD
N9: m2
B11: FECHA | C11: LOCALIZACIÓN | E11: DIMENSIONES | H11: CANTIDAD | I11: AREA TOTAL | J11: TOTAL | K11: ESQUEMA Y/O REGISTRO FOTOGRAFICO
E12: largo | F12: ancho | G12: AREA | J12: ACUMULADO
C13: cubierta baños niñas | E13: 4.1 | F13: =3.3+0.7 -> 4 | G13: =SUM(E13*F13) -> 16.4 | J13: =SUM(+G13) -> 16.4
B20: TOTAL ACUMULADO | J20: =SUM(J13:J19) -> 16.4
B21: TOTAL ANTERIOR | J21: 0
B22: TOTAL | J22: =J20-J21 -> 16.4
B24: Aprobó: | F24: Elaboró: | K24: Aprobó:
B28: MANUEL ALEJANDRO GRIMALDOS MOJICA | F28: NICOLE GISEL AVENDAÑO GONZALEZ | K28: JUAN CARLOS CAJIAO ROJAS
B29: INGENIERO CIVIL | F29: INGENIERA CIVIL | K29: SUPERVISOR
B30: M.P. 17202-107325 CLD | F30: M.P. 041037-0700433 BOY

Sheet marcos puertas
C2: MEMORIA DE CANTIDADES DE OBRA
B5: SOPORTE DEL MEMORIA DE CALCULO | K5: ABRIL DE 2026
B6: OBJETO | C6: PRESUPUESTO CONSTRUCCION DE BATERIA DE BAÑOS INSTITUCIÓN EDUCATIVA LUIS A. DUQUE PEÑA SEDE PRINCIPAL BARZALOZA
B7: CAPITULO | C7: 9 | D7: CARPINTERIA METALICA
B8: ITEM | C8: =+'SABANA MOD. 2'!A50 -> 9.1 | D8: MARCO PARA PUERTA EN LÁMINA CAL 18 -0.8 | N8: UNIDAD
N9: UND
B11: FECHA | C11: LOCALIZACIÓN | E11: DIMENSIONES | H11: CANTIDAD | I11: AREA TOTAL | J11: TOTAL | K11: ESQUEMA Y/O REGISTRO FOTOGRAFICO
E12: largo | F12: ancho | G12: AREA | J12: ACUMULADO
C13: Marco puerta principal Baño Prescolar | H13: 1 | J13: =SUM(+H13) -> 1
B20: TOTAL ACUMULADO | J20: =SUM(J13:J19) -> 1
B21: TOTAL ANTERIOR | J21: 0
B22: TOTAL | J22: =J20-J21 -> 1
B24: Aprobó: | F24: Elaboró: | K24: Aprobó:
B28: MANUEL ALEJANDRO GRIMALDOS MOJICA | F28: NICOLE GISEL AVENDAÑO GONZALEZ | K28: JUAN CARLOS CAJIAO ROJAS
B29: INGENIERO CIVIL | F29: INGENIERA CIVIL | K29: SUPERVISOR
C31: MEMORIA DE CANTIDADES DE OBRA
B34: SOPORTE DEL MEMORIA DE CALCULO | K34: ABRIL DE 2026
B35: OBJETO | C35: PRESUPUESTO CONSTRUCCION DE BATERIA DE BAÑOS INSTITUCIÓN EDUCATIVA LUIS A. DUQUE PEÑA SEDE PRINCIPAL BARZALOZA
B36: CAPITULO | C36: 9 | D36: CARPINTERIA METALICA
B37: ITEM | C37: =+'SABANA MOD. 2'!A77 -> CAPITULO 13,0 | D37: MARCO PARA PUERTA EN LÁMINA CAL 18 -0.8 | N37: UNIDAD
N38: UND
B40: FECHA | C40: LOCALIZACIÓN | E40: DIMENSIONES | H40: CANTIDAD | I40: AREA TOTAL | J40: TOTAL | K40: ESQUEMA Y/O REGISTRO FOTOGRAFICO
E41: largo | F41: ancho | G41: AREA | J41: ACUMULADO
C42: Marco puertas internas Baño Prescolar | H42: 3 | J42: =SUM(+H42) -> 3
B49: TOTAL ACUMULADO | J49: =SUM(J42:J48) -> 3
B50: TOTAL ANTERIOR | J50: 0
B51: TOTAL | J51: =J49-J50 -> 3
B53: Aprobó: | F53: Elaboró: | K53: Aprobó:
B57: MANUEL ALEJANDRO GRIMALDOS MOJICA | F57: NICOLE GISEL AVENDAÑO GONZALEZ | K57: JUAN CARLOS CAJIAO ROJAS
B58: INGENIERO CIVIL | F58: INGENIERA CIVIL | K58: SUPERVISOR
B59: M.P. 17202-107325 CLD | F59: M.P. 041037-0700433 BOY
C61: MEMORIA DE CANTIDADES DE OBRA
B64: SOPORTE DEL MEMORIA DE CALCULO | K64: ABRIL DE 2026
B65: OBJETO | C65: PRESUPUESTO CONSTRUCCION DE BATERIA DE BAÑOS INSTITUCIÓN EDUCATIVA LUIS A. DUQUE PEÑA SEDE PRINCIPAL BARZALOZA
B66: CAPITULO | C66: 9 | D66: CARPINTERIA METALICA
B67: ITEM | C67: =+'SABANA MOD. 2'!A104 -> 0 | D67: MARCO PARA PUERTA EN LÁMINA CAL 18 -0.8 | N67: UNIDAD
N68: UND
B70: FECHA | C70: LOCALIZACIÓN | E70: DIMENSIONES | H70: CANTIDAD | I70: AREA TOTAL | J70: TOTAL | K70: ESQUEMA Y/O REGISTRO FOTOGRAFICO
E71: largo | F71: ancho | G71: AREA | J71: ACUMULADO
C72: Marco puertas principales Baños Secundaria | H72: 6 | J72: =SUM(+H72) -> 6
B79: TOTAL ACUMULADO | J79: =SUM(J72:J78) -> 6
B80: TOTAL ANTERIOR | J80: 0
B81: TOTAL | J81: =J79-J80 -> 6
B83: Aprobó: | F83: Elaboró: | K83: Aprobó:
B87: MANUEL ALEJANDRO GRIMALDOS MOJICA | F87: NICOLE GISEL AVENDAÑO GONZALEZ | K87: JUAN CARLOS CAJIAO ROJAS
B88: INGENIERO CIVIL | F88: INGENIERA CIVIL | K88: SUPERVISOR
B89: M.P. 17202-107325 CLD | F89: M.P. 041037-0700433 BOY

Sheet puerta metalica
C2: MEMORIA DE CANTIDADES DE OBRA
B5: SOPORTE DEL MEMORIA DE CALCULO | K5: ABRIL DE 2026
B6: OBJETO | C6: PRESUPUESTO CONSTRUCCION DE BATERIA DE BAÑOS INSTITUCIÓN EDUCATIVA LUIS A. DUQUE PEÑA SEDE PRINCIPAL BARZALOZA
B7: CAPITULO | C7: 9 | D7: CARPINTERIA METALICA
B8: ITEM | C8: =+'SABANA MOD. 2'!A51 -> 9.2 | D8: PUERTA EN LÁMINA CAL 18 INC. ANTICORROSIVO | N8: UNIDAD
N9: m2
B11: FECHA | C11: LOCALIZACIÓN | E11: DIMENSIONES | H11: CANTIDAD | I11: AREA TOTAL | J11: TOTAL | K11: ESQUEMA Y/O REGISTRO FOTOGRAFICO
E12: largo | F12: ancho | G12: AREA | J12: ACUMULADO
C13: Puerta Principal | E13: 2 | F13: 1 | H13: 1 | J13: =SUM(E13*F13*H13) -> 2
C14: Puertas Internas | E14: 1.6 | F14: 0.7 | H14: 3 | J14: =SUM(E14*F14*H14) -> 3.36
B20: TOTAL ACUMULADO | J20: =SUM(J13:J19) -> 5.36
B21: TOTAL ANTERIOR | J21: 0
B22: TOTAL | J22: =J20-J21 -> 5.36
B24: Aprobó: | F24: Elaboró: | K24: Aprobó:
B28: MANUEL ALEJANDRO GRIMALDOS MOJICA | F28: NICOLE GISEL AVENDAÑO GONZALEZ | K28: JUAN CARLOS CAJIAO ROJAS
B29: INGENIERO CIVIL | F29: INGENIERA CIVIL | K29: SUPERVISOR
B30: M.P. 17202-107325 CLD | F30: M.P. 041037-0700433 BOY
C32: MEMORIA DE CANTIDADES DE OBRA
B35: SOPORTE DEL MEMORIA DE CALCULO | K35: ABRIL DE 2026
B36: OBJETO | C36: PRESUPUESTO CONSTRUCCION DE BATERIA DE BAÑOS INSTITUCIÓN EDUCATIVA LUIS A. DUQUE PEÑA SEDE PRINCIPAL BARZALOZA
B37: CAPITULO | C37: 17 | D37: CARPINTERIA METALICA
B38: ITEM | C38: 17.1 | D38: PUERTA EN LÁMINA CAL 18 INC. ANTICORROSIVO | N38: UNIDAD
N39: m2
B41: FECHA | C41: LOCALIZACIÓN | E41: DIMENSIONES | H41: CANTIDAD | I41: AREA TOTAL | J41: TOTAL | K41: ESQUEMA Y/O REGISTRO FOTOGRAFICO
E42: largo | F42: ancho | G42: AREA | J42: ACUMULADO
C43: Baños Secundaria | E43: 1.7 | F43: 0.6 | G43: =SUM(E43*F43) -> 1.02 | H43: 6 | J43: =SUM(E43*F43*H43) -> 6.12
B50: TOTAL ACUMULADO | J50: =SUM(J43:J49) -> 6.12
B51: TOTAL ANTERIOR | J51: 0
B52: TOTAL | J52: =J50-J51 -> 6.12
B54: Aprobó: | F54: Elaboró: | K54: Aprobó:
B58: MANUEL ALEJANDRO GRIMALDOS MOJICA | F58: NICOLE GISEL AVENDAÑO GONZALEZ | K58: JUAN CARLOS CAJIAO ROJAS
B59: INGENIERO CIVIL | F59: INGENIERA CIVIL | K59: SUPERVISOR
B60: M.P. 17202-107325 CLD | F60: M.P. 041037-0700433 BOY

Sheet ventana
C2: MEMORIA DE CANTIDADES DE OBRA
B5: SOPORTE DEL MEMORIA DE CALCULO | K5: ABRIL DE 2026
B6: OBJETO | C6: PRESUPUESTO CONSTRUCCION DE BATERIA DE BAÑOS INSTITUCIÓN EDUCATIVA LUIS A. DUQUE PEÑA SEDE PRINCIPAL BARZALOZA
B7: CAPITULO | C7: 9 | D7: CARPINTERIA METALICA
B8: ITEM | C8: =+'SABANA MOD. 2'!A52 -> 9.3 | D8: VENTANA LÁMINA CALIBRE 18 INC. ANTICORROSIVO | N8: UNIDAD
N9: m2
B11: FECHA | C11: LOCALIZACIÓN | E11: DIMENSIONES | H11: CANTIDAD | I11: AREA TOTAL | J11: TOTAL | K11: ESQUEMA Y/O REGISTRO FOTOGRAFICO
E12: largo | F12: ancho | G12: AREA | J12: ACUMULADO
C13: Ventanal Lateral | E13: 2.6 | F13: 0.3 | J13: =SUM(E13*F13) -> 0.78
C14: Ventada Al lado Puerta | E14: 1 | F14: 0.6 | J14: =SUM(E14*F14) -> 0.6
B19: TOTAL ACUMULADO | J19: =SUM(J13:J18) -> 1.38
B20: TOTAL ANTERIOR | J20: 0
B21: TOTAL | J21: =J19-J20 -> 1.38
B23: Elaboró | I23: Aprobó
B24: Aprobó: | F24: Elaboró: | K24: Aprobó:
B28: MANUEL ALEJANDRO GRIMALDOS MOJICA | F28: NICOLE GISEL AVENDAÑO GONZALEZ | K28: JUAN CARLOS
B29: INGENIERO CIVIL | F29: INGENIERA CIVIL | K29: SUPERVISOR
B30: M.P. 17202-107325 CLD | F30: M.P. 041037-0700433 BOY

Sheet conexion tanque
C2: MEMORIA DE CANTIDADES DE OBRA
B5: SOPORTE DEL MEMORIA DE CALCULO | K5: ABRIL DE 2026
B6: OBJETO | C6: PRESUPUESTO CONSTRUCCION DE BATERIA DE BAÑOS INSTITUCIÓN EDUCATIVA LUIS A. DUQUE PEÑA SEDE PRINCIPAL BARZALOZA
B7: CAPITULO | C7: 10 | D7: INSTALACIONES HIDROSANITARIAS
B8: ITEM | C8: 10.1 | D8: CONEXIÓN TANQUE ELEVADO PVC
N9: UND
B11: FECHA | C11: LOCALIZACIÓN | E11: DIMENSIONES | H11: CANTIDAD | I11: LONG TOTAL | J11: TOTAL | K11: ESQUEMA Y/O REGISTRO FOTOGRAFICO
E12: largo | F12: ancho | G12: AREA | J12: ACUMULADO
C13: Baños | H13: 2 | J13: =SUM(+H13) -> 2
B20: TOTAL ACUMULADO | J20: =SUM(J13:J19) -> 2
B21: TOTAL ANTERIOR | J21: 0
B22: TOTAL | J22: =J20-J21 -> 2
B27: Aprobó: | F27: Elaboró: | K27: Aprobó:
B31: MANUEL ALEJANDRO GRIMALDOS MOJICA | F31: NICOLE GISEL AVENDAÑO GONZALEZ | K31: JUAN CARLOS CAJIAO ROJAS
B32: INGENIERO CIVIL | F32: INGENIERA CIVIL | K32: SUPERVISOR
B33: M.P. 17202-107325 CLD | F33: M.P. 041037-0700433 BOY

Sheet llave manguera
C2: MEMORIA DE CANTIDADES DE OBRA
B5: SOPORTE DEL MEMORIA DE CALCULO | K5: ABRIL DE 2026
B6: OBJETO | C6: PRESUPUESTO CONSTRUCCION DE BATERIA DE BAÑOS INSTITUCIÓN EDUCATIVA LUIS A. DUQUE PEÑA SEDE PRINCIPAL BARZALOZA
B7: CAPITULO | C7: 10 | D7: INSTALACIONES HIDROSANITARIAS
B8: ITEM | C8: 10.2 | D8: LLAVE MANGUERA
N9: m2
B11: FECHA | C11: LOCALIZACIÓN | E11: DIMENSIONES | H11: CANTIDAD | I11: AREA TOTAL | J11: TOTAL | K11: ESQUEMA Y/O REGISTRO FOTOGRAFICO
E12: largo | F12: ancho | G12: AREA | J12: ACUMULADO
C13: Baños Prescolar | H13: 1 | J13: =SUM(+H13) -> 1
B20: TOTAL ACUMULADO | J20: =SUM(J13:J19) -> 1
B21: TOTAL ANTERIOR | J21: 0
B22: TOTAL | J22: =J20-J21 -> 1
B26: Aprobó: | F26: Elaboró: | K26: Aprobó:
B30: MANUEL ALEJANDRO GRIMALDOS MOJICA | F30: NICOLE GISEL AVENDAÑO GONZALEZ | K30: JUAN CARLOS CAJIAO ROJAS
B31: INGENIERO CIVIL | F31: INGENIERA CIVIL | K31: SUPERVISOR
B32: M.P. 17202-107325 CLD | F32: M.P. 041037-0700433 BOY

Sheet puntos hidraulicos
C2: MEMORIA DE CANTIDADES DE OBRA
B5: SOPORTE DEL MEMORIA DE CALCULO | K5: ABRIL DE 2026
B6: OBJETO | C6: PRESUPUESTO CONSTRUCCION DE BATERIA DE BAÑOS INSTITUCIÓN EDUCATIVA LUIS A. DUQUE PEÑA SEDE PRINCIPAL BARZALOZA
B7: CAPITULO | C7: 10 | D7: INSTALACIONES HIDROSANITARIAS
B8: ITEM | C8: 10.3 | D8: PUNTO HIDRÁULICO PVC-P/PARAL 1/2"
N9: un
B11: FECHA | C11: LOCALIZACIÓN | E11: PUNTOS | I11: TOTAL PUNTOS | J11: TOTAL | K11: ESQUEMA Y/O REGISTRO FOTOGRAFICO
E12: LLAVE MANGUERA | F12: LAVAMANOS | G12: SANITARIO | H12: ORINAL | J12: ACUMULADO
C13: Baños Prescolar | E13: 1 | F13: 2 | G13: 2 | H13: 1 | J13: =SUM(E13:I13) -> 6
B19: TOTAL ACUMULADO | J19: =SUM(J13:J18) -> 6
B20: TOTAL ANTERIOR | J20: 0
B21: TOTAL | J21: =J19-J20 -> 6
B23: Aprobó: | F23: Elaboró: | K23: Aprobó:
B27: MANUEL ALEJANDRO GRIMALDOS MOJICA | F27: NICOLE GISEL AVENDAÑO GONZALEZ | K27: JUAN CARLOS CAJIAO ROJAS
B28: INGENIERO CIVIL | F28: INGENIERA CIVIL | K28: SUPERVISOR
B29: M.P. 17202-107325 CLD | F29: M.P. 041037-0700433 BOY

Sheet red sanitaria 2"
C2: MEMORIA DE CANTIDADES DE OBRA
B5: SOPORTE DEL MEMORIA DE CALCULO | K5: ABRIL DE 2026
B6: OBJETO | C6: PRESUPUESTO CONSTRUCCION DE BATERIA DE BAÑOS INSTITUCIÓN EDUCATIVA LUIS A. DUQUE PEÑA SEDE PRINCIPAL BARZALOZA
B7: CAPITULO | C7: 10 | D7: INSTALACIONES HIDROSANITARIAS
B8: ITEM | C8: 10.4 | D8: RED SANITARIA PVC-S/PARAL 2"
N9: ml
B11: FECHA | C11: LOCALIZACIÓN | I11: unidades | J11: TOTAL | K11: ESQUEMA Y/O REGISTRO FOTOGRAFICO
E12: longitud
C13: Lavamanos | E13: 4 | J13: =SUM(+E13) -> 4
C14: Sifon Piso | E14: 1.5 | J14: =SUM(+E14) -> 1.5
B20: TOTAL ACUMULADO | J20: =SUM(J12:J19) -> 5.5
B21: TOTAL ANTERIOR | J21: 0
B22: TOTAL | J22: =J20-J21 -> 5.5
B24: Aprobó: | F24: Elaboró: | K24: Aprobó:
B28: MANUEL ALEJANDRO GRIMALDOS MOJICA | F28: NICOLE GISEL AVENDAÑO GONZALEZ | K28: JUAN CARLOS CAJIAO ROJAS
B29: INGENIERO CIVIL | F29: INGENIERA CIVIL | K29: SUPERVISOR
B30: M.P. 17202-107325 CLD | F30: M.P. 041037-0700433 BOY

Sheet red sanitaria de 4"
C2: MEMORIA DE CANTIDADES DE OBRA
B5: SOPORTE DEL MEMORIA DE CALCULO | K5: ABRIL DE 2026
B6: OBJETO | C6: PRESUPUESTO CONSTRUCCION DE BATERIA DE BAÑOS INSTITUCIÓN EDUCATIVA LUIS A. DUQUE PEÑA SEDE PRINCIPAL BARZALOZA
B7: CAPITULO | C7: 10 | D7: INSTALACIONES HIDROSANITARIAS
B8: ITEM | C8: 10.5 | D8: RED SANITARIA PVC-S/PARAL 4"
N9: ml
B11: FECHA | C11: LOCALIZACIÓN | E11: longitud | I11: unidades | J11: TOTAL | K11: ESQUEMA Y/O REGISTRO FOTOGRAFICO
C13: Sanitario 01 | E13: 5 | J13: =SUM(+E13) -> 5
C14: Sanitario 02 | E14: 2.15 | J14: =SUM(+E14) -> 2.15
C15: Orinal | E15: 1.5 | J15: =SUM(+E15) -> 1.5
B20: TOTAL ACUMULADO | J20: =SUM(J12:J19) -> 8.65
B21: TOTAL ANTERIOR | J21: 0
B22: TOTAL | J22: =J20-J21 -> 8.65
B24: Aprobó: | F24: Elaboró: | K24: Aprobó:
B28: MANUEL ALEJANDRO GRIMALDOS MOJICA | F28: NICOLE GISEL AVENDAÑO GONZALEZ | K28: JUAN CARLOS CAJIAO ROJAS
B29: INGENIERO CIVIL | F29: INGENIERA CIVIL | K29: SUPERVISOR
B30: M.P. 17202-107325 CLD | F30: M.P. 041037-0700433 BOY

Sheet salida sanitaria 2"
C2: MEMORIA DE CANTIDADES DE OBRA
B5: SOPORTE DEL MEMORIA DE CALCULO | K5: ABRIL DE 2026
B6: OBJETO | C6: PRESUPUESTO CONSTRUCCION DE BATERIA DE BAÑOS INSTITUCIÓN EDUCATIVA LUIS A. DUQUE PEÑA SEDE PRINCIPAL BARZALOZA
B7: CAPITULO | C7: 10 | D7: INSTALACIONES HIDROSANITARIAS
B8: ITEM | C8: 10.6 | D8: SALIDA SANITARIA PVC-S/PARAL 2"
N9: Und
B11: FECHA | C11: LOCALIZACIÓN | E11: PUNTOS | I11: TOTAL PUNTOS | J11: TOTAL | K11: ESQUEMA Y/O REGISTRO FOTOGRAFICO
E12: LLAVE MANGUERA | F12: LAVAMANOS | G12: SANITARIO | H12: ORINAL | J12: ACUMULADO
C13: baños niñas | E13: 1 | F13: 2 | H13: 1 | J13: =SUM(E13:I13) -> 4
B20: TOTAL ACUMULADO | J20: =SUM(J12:J19) -> 4
B21: TOTAL ANTERIOR | J21: 0
B22: TOTAL | J22: =J20-J21 -> 4
B24: Aprobó: | F24: Elaboró: | K24: Aprobó:
B28: MANUEL ALEJANDRO GRIMALDOS MOJICA | F28: NICOLE GISEL AVENDAÑO GONZALEZ | K28: JUAN CARLOS CAJIAO ROJAS
B29: INGENIERO CIVIL | F29: INGENIERA CIVIL | K29: SUPERVISOR
B30: M.P. 17202-107325 CLD | F30: M.P. 041037-0700433 BOY

Sheet salida sanitaria 4"
C2: MEMORIA DE CANTIDADES DE OBRA
B5: SOPORTE DEL MEMORIA DE CALCULO | K5: ABRIL DE 2026
B6: OBJETO | C6: PRESUPUESTO CONSTRUCCION DE BATERIA DE BAÑOS INSTITUCIÓN EDUCATIVA LUIS A. DUQUE PEÑA SEDE PRINCIPAL BARZALOZA
B7: CAPITULO | C7: 10 | D7: INSTALACIONES HIDROSANITARIAS
B8: ITEM | C8: 10.7 | D8: SALIDA SANITARIA PVC-S/PARAL 4"
N9: UND
B11: FECHA | C11: LOCALIZACIÓN | E11: PUNTOS | I11: TOTAL PUNTOS | J11: TOTAL | K11: ESQUEMA Y/O REGISTRO FOTOGRAFICO
E12: LLAVE MANGUERA | F12: LAVAMANOS | G12: SANITARIO | H12: ORINAL | J12: ACUMULADO
C13: baños niñas | G13: 2 | J13: =SUM(E13:I13) -> 2
B20: TOTAL ACUMULADO | J20: =SUM(J12:J19) -> 2
B21: TOTAL ANTERIOR | J21: 0
B22: TOTAL | J22: =J20-J21 -> 2
B24: Aprobó: | F24: Elaboró: | K24: Aprobó:
B28: MANUEL ALEJANDRO GRIMALDOS MOJICA | F28: NICOLE GISEL AVENDAÑO GONZALEZ | K28: JUAN CARLOS CAJIAO ROJAS
B29: INGENIERO CIVIL | F29: INGENIERA CIVIL | K29: SUPERVISOR
B30: M.P. 17202-107325 CLD | F30: M.P. 041037-0700433 BOY

Sheet red suministro
C2: MEMORIA DE CANTIDADES DE OBRA
B5: SOPORTE DEL MEMORIA DE CALCULO | K5: ABRIL DE 2026
B6: OBJETO | C6: PRESUPUESTO CONSTRUCCION DE BATERIA DE BAÑOS INSTITUCIÓN EDUCATIVA LUIS A. DUQUE PEÑA SEDE PRINCIPAL BARZALOZA
B7: CAPITULO | C7: 10 | D7: INSTALACIONES HIDROSANITARIAS
B8: ITEM | C8: 10.7 | D8: RED SUMINISTRO PVC 1/2"
N9: ML
B11: FECHA | C11: LOCALIZACIÓN | E11: DIMENSIONES | H11: CANTIDAD | I11: AREA TOTAL | J11: TOTAL | K11: ESQUEMA Y/O REGISTRO FOTOGRAFICO
E12: largo | F12: alto | G12: AREA | J12: ACUMULADO
C13: baños niñas y discapacitados | E13: =2.6+3.3+0.25+0.5+0.3+0.3+0.5+2+2.5+2.5+2.8 -> 17.55 | J13: =SUM(+E13) -> 17.55
B22: TOTAL ACUMULADO
B23: TOTAL ANTERIOR | J23: 0
B24: =+F13 -> 0 | J24: =SUM(J13:J19) -> 17.55
B26: Aprobó: | F26: Elaboró: | K26: Aprobó:
B30: MANUEL ALEJANDRO GRIMALDOS MOJICA | F30: NICOLE GISEL AVENDAÑO GONZALEZ | K30: JUAN CARLOS CAJIAO ROJAS
B31: INGENIERO CIVIL | F31: INGENIERA CIVIL | K31: SUPERVISOR
B32: M.P. 17202-107325 CLD | F32: M.P. 041037-0700433 BOY

Sheet Acometida Aerea
C2: MEMORIA DE CANTIDADES DE OBRA
B5: SOPORTE DEL MEMORIA DE CALCULO | K5: ABRIL DE 2026
B6: OBJETO | C6: PRESUPUESTO CONSTRUCCION DE BATERIA DE BAÑOS INSTITUCIÓN EDUCATIVA LUIS A. DUQUE PEÑA SEDE PRINCIPAL BARZALOZA
B7: CAPITULO | C7: 11 | D7: INSTALACIONES ELÉCTRICAS
B8: ITEM | C8: 11.1 | D8: ACOMETIDA AÉREA 10 M. PVC
N9: Und
B11: FECHA | C11: LOCALIZACIÓN | E11: DIMENSIONES | H11: CANTIDAD | I11: AREA TOTAL | J11: TOTAL | K11: ESQUEMA Y/O REGISTRO FOTOGRAFICO
E12: largo | F12: alto | G12: AREA | J12: ACUMULADO
C13: Acometida Bateria Prescolar | H13: 1 | J13: =+H13 -> 1
B22: TOTAL ACUMULADO
B23: TOTAL ANTERIOR | J23: 0
B24: =+F13 -> 0 | J24: =SUM(J13:J19) -> 1
B26: Aprobó: | F26: Elaboró: | K26: Aprobó:
B30: MANUEL ALEJANDRO GRIMALDOS MOJICA | F30: NICOLE GISEL AVENDAÑO GONZALEZ | K30: JUAN CARLOS CAJIAO ROJAS
B31: INGENIERO CIVIL | F31: INGENIERA CIVIL | K31: SUPERVISOR
B32: M.P. 17202-107325 CLD | F32: M.P. 041037-0700433 BOY

Sheet Salida Lampara
C2: MEMORIA DE CANTIDADES DE OBRA
B5: SOPORTE DEL MEMORIA DE CALCULO | K5: ABRIL DE 2026
B6: OBJETO | C6: PRESUPUESTO CONSTRUCCION DE BATERIA DE BAÑOS INSTITUCIÓN EDUCATIVA LUIS A. DUQUE PEÑA SEDE PRINCIPAL BARZALOZA
B7: CAPITULO | C7: 11 | D7: INSTALACIONES ELÉCTRICAS
B8: ITEM | C8: 11.2 | D8: SALIDA LÁMPARA TOMA EMT COMPLETA
N9: Und
B11: FECHA | C11: LOCALIZACIÓN | E11: DIMENSIONES | H11: CANTIDAD | I11: AREA TOTAL | J11: TOTAL | K11: ESQUEMA Y/O REGISTRO FOTOGRAFICO
E12: largo | F12: alto | G12: AREA | J12: ACUMULADO
C13: Lampara | H13: 1 | J13: =+H13 -> 1
C14: Interruptor | H14: 1 | J14: =+H14 -> 1
B22: TOTAL ACUMULADO
B23: TOTAL ANTERIOR | J23: 0
B24: =+F13 -> 0 | J24: =SUM(J13:J19) -> 2
B26: Aprobó: | F26: Elaboró: | K26: Aprobó:
B30: MANUEL ALEJANDRO GRIMALDOS MOJICA | F30: NICOLE GISEL AVENDAÑO GONZALEZ | K30: JUAN CARLOS CAJIAO ROJAS
B31: INGENIERO CIVIL | F31: INGENIERA CIVIL | K31: SUPERVISOR
B32: M.P. 17202-107325 CLD | F32: M.P. 041037-0700433 BOY

Sheet Tuberia Conduit
C2: MEMORIA DE CANTIDADES DE OBRA
B5: SOPORTE DEL MEMORIA DE CALCULO | K5: ABRIL DE 2026
B6: OBJETO | C6: PRESUPUESTO CONSTRUCCION DE BATERIA DE BAÑOS INSTITUCIÓN EDUCATIVA LUIS A. DUQUE PEÑA SEDE PRINCIPAL BARZALOZA
B7: CAPITULO | C7: 11 | D7: INSTALACIONES ELÉCTRICAS
B8: ITEM | C8: ='SABANA MOD. 2'!B69 -> 12.16 | D8: ='SABANA MOD. 2'!C69 -> TUBERÍA PVC CONDUIT 1/2"
N9: ml
B11: FECHA | C11: LOCALIZACIÓN | E11: DIMENSIONES | H11: CANTIDAD | I11: AREA TOTAL | J11: TOTAL | K11: ESQUEMA Y/O REGISTRO FOTOGRAFICO
E12: largo | F12: alto | G12: AREA | J12: ACUMULADO
C13: Bateria Prescolar | E13: 15 | H13: 1 | J13: =+E13*H13 -> 15
B22: TOTAL ACUMULADO
B23: TOTAL ANTERIOR | J23: 0
B24: =+F13 -> 0 | J24: =SUM(J13:J19) -> 15
B26: Aprobó: | F26: Elaboró: | K26: Aprobó:
B30: MANUEL ALEJANDRO GRIMALDOS MOJICA | F30: NICOLE GISEL AVENDAÑO GONZALEZ | K30: JUAN CARLOS CAJIAO ROJAS
B31: INGENIERO CIVIL | F31: INGENIERA CIVIL | K31: SUPERVISOR
B32: M.P. 17202-107325 CLD | F32: M.P. 041037-0700433 BOY

Sheet Alistado y Placa Base 
C2: MEMORIA DE CANTIDADES DE OBRA
B5: SOPORTE DEL MEMORIA DE CALCULO | K5: ABRIL DE 2025
B6: OBJETO | C6: PRESUPUESTO CONSTRUCCION DE BATERIA DE BAÑOS INSTITUCIÓN EDUCATIVA LUIS A. DUQUE PEÑA SEDE PRINCIPAL BARZALOZA
B7: CAPITULO | C7: 12 | D7: PISOS BASES
B8: ITEM | C8: 12.1 | D8: ALISTADO PISOS 1:3, E=0.04 | N8: UNIDAD
N9: M2
B11: FECHA | C11: LOCALIZACIÓN | E11: DIMENSIONES | H11: CANTIDAD | I11: menos area puerta | J11: TOTAL | K11: ESQUEMA Y/O REGISTRO FOTOGRAFICO
E12: largo | F12: ALTO | G12: AREA | J12: ACUMULADO
C13: Placa Base | E13: 3.33 | F13: 3.05 | H13: 1 | J13: =SUM(E13*F13)*H13 -> 10.1565
C14: columnas | E14: 0.25 | F14: 0.15 | H14: -4 | J14: =SUM(E14*F14)*H14 -> -0.15
B22: TOTAL ACUMULADO | J22: =SUM(J13:J21) -> 10.0065
B23: TOTAL ANTERIOR | J23: 0
B24: TOTAL | J24: =J22-J23 -> 10.0065
B26: Elaboró | I26: Aprobó
B27: EL CONTRATISTA: | I27: LA INTERVENTORIA
C31: MEMORIA DE CANTIDADES DE OBRA
B34: SOPORTE DEL MEMORIA DE CALCULO | K34: ABRIL DE 2025
B35: OBJETO | C35: PRESUPUESTO CONSTRUCCION DE BATERIA DE BAÑOS INSTITUCIÓN EDUCATIVA LUIS A. DUQUE PEÑA SEDE PRINCIPAL BARZALOZA
B36: CAPITULO | C36: 12 | D36: PISOS BASES
B37: ITEM | C37: 12.2 | D37: PLACA BASE CONCRETO 0.10 2500 PSI | N37: UNIDAD
N38: M2
B40: FECHA | C40: LOCALIZACIÓN | E40: DIMENSIONES | H40: CANTIDAD | I40: menos area puerta | J40: TOTAL | K40: ESQUEMA Y/O REGISTRO FOTOGRAFICO
E41: largo | F41: ALTO | G41: AREA | J41: ACUMULADO
C42: Placa Base | E42: 3.36 | F42: 3.66 | H42: 1 | J42: =SUM(E42*F42)*H42 -> 12.2976
C43: Anden | E43: 0.6 | F43: 0.3 | H43: 1 | J43: =SUM(E43*F43)*H43 -> 0.18
C44: Columnas | E44: 0.15 | F44: 0.25 | H44: -4 | J44: =SUM(E44*F44)*H44 -> -0.15
B51: TOTAL ACUMULADO | J51: =SUM(J42:J50) -> 12.3276
B52: TOTAL ANTERIOR | J52: 0
B53: TOTAL | J53: =J51-J52 -> 12.3276
B55: Aprobó: | F55: Elaboró: | K55: Aprobó:
B59: MANUEL ALEJANDRO GRIMALDOS MOJICA | F59: NICOLE GISEL AVENDAÑO GONZALEZ | K59: JUAN CARLOS CAJIAO ROJAS
B60: INGENIERO CIVIL | F60: INGENIERA CIVIL | K60: SUPERVISOR
B61: M.P. 17202-107325 CLD | F61: M.P. 041037-0700433 BOY

Sheet Enchape Baterias Nuevas
C2: MEMORIA DE CANTIDADES DE OBRA
B5: SOPORTE DEL MEMORIA DE CALCULO | K5: ABRIL DE 2025
B6: OBJETO | C6: PRESUPUESTO CONSTRUCCION DE BATERIA DE BAÑOS INSTITUCIÓN EDUCATIVA LUIS A. DUQUE PEÑA SEDE PRINCIPAL BARZALOZA
B7: CAPITULO | C7: 13 | D7: =+'[15]OFERTA ECONÓMICA+ ADICIONAL'!C78 -> BALDOSA CERÁMICA PISO-PARED 20X20 CALIDAD PRIMERA
B8: ITEM | C8: 13.1 | D8: BALDOSA CERÁMICA PISO-PARED 20X20 CALIDAD PRIMERA | N8: UNIDAD
N9: M2
B11: FECHA | C11: LOCALIZACIÓN | E11: DIMENSIONES | H11: CANTIDAD | I11: menos area puerta | J11: TOTAL | K11: ESQUEMA Y/O REGISTRO FOTOGRAFICO
E12: largo | F12: ALTO | G12: AREA | J12: ACUMULADO
C13: fachada frontal | E13: =SUM(3.35-0.9) -> 2.45 | F13: 1.21 | H13: 1 | J13: =SUM(E13*F13)*H13 -> 2.9645
C14: fachada posterior | E14: 3.35 | F14: 1.21 | H14: 1 | J14: =SUM(E14*F14)*H14 -> 4.0535
C15: fachada lateral derecha | E15: 3 | F15: 1.21 | H15: 1 | J15: =SUM(E15*F15)*H15 -> 3.63
C16: fachada lateral izquierda | E16: 3 | F16: 1.21 | H16: 1 | J16: =SUM(E16*F16)*H16 -> 3.63
C17: Separadores Internos | E17: =SUM(1+0.36+1.15+1+0.16+0.5+0.19+1) -> 5.36 | F17: 1.21 | H17: 1 | J17: =SUM(E17*F17)*H17 -> 6.4856
C18: Meson Muros | E18: 0.6 | F18: 0.57 | H18: 4 | J18: =SUM(E18*F18)*H18 -> 1.368
C19: Meson Filos | E19: 0.15 | F19: 0.57 | H19: 2 | J19: =SUM(E19*F19)*H19 -> 0.171
B22: TOTAL ACUMULADO | J22: =SUM(J13:J21) -> 22.3026
B23: TOTAL ANTERIOR | J23: 0
B24: TOTAL | J24: =J22-J23 -> 22.3026
B26: Aprobó: | F26: Elaboró: | K26: Aprobó:
B30: MANUEL ALEJANDRO GRIMALDOS MOJICA | F30: NICOLE GISEL AVENDAÑO GONZALEZ | K30: JUAN CARLOS CAJIAO ROJAS
B31: INGENIERO CIVIL | F31: INGENIERA CIVIL | K31: SUPERVISOR
B32: M.P. 17202-107325 CLD | F32: M.P. 041037-0700433 BOY
C34: MEMORIA DE CANTIDADES DE OBRA
B37: SOPORTE DEL MEMORIA DE CALCULO | K37: ABRIL DE 2025
B38: OBJETO | C38: PRESUPUESTO CONSTRUCCION DE BATERIA DE BAÑOS INSTITUCIÓN EDUCATIVA LUIS A. DUQUE PEÑA SEDE PRINCIPAL BARZALOZA
B39: CAPITULO | C39: 13 | D39: =+'[15]OFERTA ECONÓMICA+ ADICIONAL'!C107 -> PUERTA EN LÁMINA CAL 18 INC. ANTICORROSIVO
B40: ITEM | C40: 13.2 | D40: CERÁMICA PISO TRÁFICO 5, CALIDAD PRIMERA | N40: UNIDAD
N41: M2
B43: FECHA | C43: LOCALIZACIÓN | E43: DIMENSIONES | H43: CANTIDAD | I43: menos area puerta | J43: TOTAL | K43: ESQUEMA Y/O REGISTRO FOTOGRAFICO
E44: largo | F44: ALTO | G44: AREA | J44: ACUMULADO
C45: Piso Bateria | E45: 3.04 | F45: 3.27 | H45: 1 | J45: =SUM(E45*F45)*H45 -> 9.9408
B54: TOTAL ACUMULADO | J54: =SUM(J45:J53) -> 9.9408
B55: TOTAL ANTERIOR | J55: 0
B56: TOTAL | J56: =J54-J55 -> 9.9408
B58: Aprobó: | F58: Elaboró: | K58: Aprobó:
B62: MANUEL ALEJANDRO GRIMALDOS MOJICA | F62: NICOLE GISEL AVENDAÑO GONZALEZ | K62: JUAN CARLOS CAJIAO ROJAS
B63: INGENIERO CIVIL | F63: INGENIERA CIVIL | K63: SUPERVISOR
B64: M.P. 17202-107325 CLD | F64: M.P. 041037-0700433 BOY

Sheet Acabado en granito
C2: MEMORIA DE CANTIDADES DE OBRA
B5: SOPORTE DEL MEMORIA DE CALCULO | K5: ABRIL DE 2026
B6: OBJETO | C6: PRESUPUESTO CONSTRUCCION DE BATERIA DE BAÑOS INSTITUCIÓN EDUCATIVA LUIS A. DUQUE PEÑA SEDE PRINCIPAL BARZALOZA
B7: CAPITULO | C7: 13 | D7: PISOS, ENCHAPES Y ACABADOS
B8: ITEM | C8: ='SABANA MOD. 2'!B81 -> 14.8 | D8: ='SABANA MOD. 2'!C81 -> ACABADO EN GRANITO (INCLUYE DILATACIÓN EN BRONCE Y PULIDA)
N9: m2
B11: FECHA | C11: LOCALIZACIÓN | E11: DIMENSIONES | H11: CANTIDAD | I11: AREA TOTAL | J11: TOTAL | K11: ESQUEMA Y/O REGISTRO FOTOGRAFICO
E12: largo | F12: alto | G12: AREA | J12: ACUMULADO
C13: Acabadeo de granito en meson lavamanos Bateria Prescolar | E13: 1.61 | F13: 0.59 | H13: 1 | J13: =+E13*F13 -> 0.9499
B22: TOTAL ACUMULADO
B23: TOTAL ANTERIOR | J23: 0
J24: =SUM(J13:J19) -> 0.9499
B26: Aprobó: | F26: Elaboró: | K26: Aprobó:
B30: MANUEL ALEJANDRO GRIMALDOS MOJICA | F30: NICOLE GISEL AVENDAÑO GONZALEZ | K30: JUAN CARLOS CAJIAO ROJAS
B31: INGENIERO CIVIL | F31: INGENIERA CIVIL | K31: SUPERVISOR
B32: M.P. 17202-107325 CLD | F32: M.P. 041037-0700433 BOY

Sheet Lavamanos
C2: MEMORIA DE CANTIDADES DE OBRA
B5: SOPORTE DEL MEMORIA DE CALCULO | K5: ABRIL DE 2026
B6: OBJETO | C6: PRESUPUESTO CONSTRUCCION DE BATERIA DE BAÑOS INSTITUCIÓN EDUCATIVA LUIS A. DUQUE PEÑA SEDE PRINCIPAL BARZALOZA
B7: CAPITULO | C7: 14 | D7: APARATOS SANITARIOS
B8: ITEM | C8: ='SABANA MOD. 2'!A86 -> 14.2 | D8: ='SABANA MOD. 2'!C86 -> SUMINISTRO E INSTALACIÓN LAVAMANOS DE EMPOTRAR(INCLUYE GRIFERÍA)
N9: UND
B11: FECHA | C11: LOCALIZACIÓN | E11: DIMENSIONES | H11: CANTIDAD | I11: AREA TOTAL | J11: TOTAL | K11: ESQUEMA Y/O REGISTRO FOTOGRAFICO
E12: largo | F12: alto | G12: AREA | J12: ACUMULADO
C13: Suministro e instalacion de lavamanos de empotrar en las baterias de primaria | H13: 2 | J13: =H13 -> 2
B22: TOTAL ACUMULADO
B23: TOTAL ANTERIOR | J23: 0
J24: =SUM(J13:J19) -> 2
B26: Aprobó: | F26: Elaboró: | K26: Aprobó:
B30: MANUEL ALEJANDRO GRIMALDOS MOJICA | F30: NICOLE GISEL AVENDAÑO GONZALEZ | K30: JUAN CARLOS CAJIAO ROJAS
B31: INGENIERO CIVIL | F31: INGENIERA CIVIL | K31: SUPERVISOR
B32: M.P. 17202-107325 CLD | F32: M.P. 041037-0700433 BOY

Sheet Esmalte Baterias
C2: MEMORIA DE CANTIDADES DE OBRA
B5: SOPORTE DEL MEMORIA DE CALCULO | K5: ABRIL DE 2026
B6: OBJETO | C6: PRESUPUESTO CONSTRUCCION DE BATERIA DE BAÑOS INSTITUCIÓN EDUCATIVA LUIS A. DUQUE PEÑA SEDE PRINCIPAL BARZALOZA
B7: CAPITULO | C7: 15 | D7: PINTURA
B8: ITEM | C8: ='SABANA MOD. 2'!A90 -> 15.1 | D8: ='SABANA MOD. 2'!C90 -> ESMALTE SOBRE LÁMINA LLENA
N9: M2
B11: FECHA | C11: LOCALIZACIÓN | E11: DIMENSIONES | H11: CANTIDAD | I11: AREA TOTAL | J11: TOTAL | K11: ESQUEMA Y/O REGISTRO FOTOGRAFICO
E12: largo | F12: alto | J12: ACUMULADO
C13: Perfiles metalicos | E13: 4.5 | F13: 0.3 | H13: 2 | J13: =SUM(E13*F13)*H13 -> 2.7
C14: Puerta Principal | E14: 2 | F14: 1 | H14: 1 | J14: =SUM(E14*F14)*H14 -> 2
C15: Puertas Internas | E15: 1.7 | F15: 0.7 | H15: 3 | J15: =SUM(E15*F15)*H15 -> 3.57
C16: Ventanal Lateral | E16: 2.6 | F16: 0.3 | H16: 1 | J16: =SUM(E16*F16)*H16 -> 0.78
C17: Ventada Al lado Puerta | E17: 1 | F17: 0.7 | H17: 1 | J17: =SUM(E17*F17)*H17 -> 0.7
B22: TOTAL ACUMULADO
B23: TOTAL ANTERIOR | J23: 0
J24: =SUM(J13:J19) -> 9.75
B26: Aprobó: | F26: Elaboró: | K26: Aprobó:
B27: M2
B30: MANUEL ALEJANDRO GRIMALDOS MOJICA | F30: NICOLE GISEL AVENDAÑO GONZALEZ | K30: JUAN CARLOS CAJIAO ROJAS
B31: INGENIERO CIVIL | F31: INGENIERA CIVIL | K31: SUPERVISOR
B32: M.P. 17202-107325 CLD | F32: M.P. 041037-0700433 BOY
C34: MEMORIA DE CANTIDADES DE OBRA
B37: SOPORTE DEL MEMORIA DE CALCULO | K37: ABRIL DE 2026
B38: OBJETO | C38: PRESUPUESTO CONSTRUCCION DE BATERIA DE BAÑOS INSTITUCIÓN EDUCATIVA LUIS A. DUQUE PEÑA SEDE PRINCIPAL BARZALOZA
B39: CAPITULO | C39: 15 | D39: PINTURA
B40: ITEM | C40: ='SABANA MOD. 2'!A91 -> 15.2 | D40: ='SABANA MOD. 2'!C91 -> ESMALTE SOBRE MARCOS LÁMINA
N41: M2
B43: FECHA | C43: LOCALIZACIÓN | E43: DIMENSIONES | H43: CANTIDAD | I43: AREA TOTAL | J43: TOTAL | K43: ESQUEMA Y/O REGISTRO FOTOGRAFICO
E44: largo | F44: alto | J44: ACUMULADO
C45: Puertas internas | E45: =1.7*2 -> 3.4 | F45: =0.7*2 -> 1.4 | H45: 3 | J45: =SUM(E45*F45)*H45 -> 14.28
C46: Puerta Principal | E46: 2 | F46: 1 | H46: 1 | J46: =SUM(E46*F46)*H46 -> 2
B54: TOTAL ACUMULADO
B55: TOTAL ANTERIOR | J55: 0
J56: =SUM(J45:J51) -> 16.28
B58: Aprobó: | F58: Elaboró: | K58: Aprobó:
B62: MANUEL ALEJANDRO GRIMALDOS MOJICA | F62: NICOLE GISEL AVENDAÑO GONZALEZ | K62: JUAN CARLOS CAJIAO ROJAS
B63: INGENIERO CIVIL | F63: INGENIERA CIVIL | K63: SUPERVISOR
B64: M.P. 17202-107325 CLD | F64: M.P. 041037-0700433 BOY
C65: MEMORIA DE CANTIDADES DE OBRA
B68: SOPORTE DEL MEMORIA DE CALCULO | K68: ABRIL DE 2026
B69: OBJETO | C69: PRESUPUESTO CONSTRUCCION DE BATERIA DE BAÑOS INSTITUCIÓN EDUCATIVA LUIS A. DUQUE PEÑA SEDE PRINCIPAL BARZALOZA
B70: CAPITULO | C70: 15 | D70: PINTURA
B71: ITEM | C71: ='SABANA MOD. 2'!A119 -> CAPITULO 20,0 | D71: ESMALTE SOBRE LAMINA LLENA
N72: M2
B74: FECHA | C74: LOCALIZACIÓN | E74: DIMENSIONES | H74: CANTIDAD | I74: AREA TOTAL | J74: TOTAL | K74: ESQUEMA Y/O REGISTRO FOTOGRAFICO
E75: largo | F75: alto | J75: ACUMULADO
C76: Puertas | E76: 1.7 | F76: 0.6 | H76: 6 | J76: =SUM(E76*F76)*H76 -> 6.12
J77: =SUM(E77*F77)*H77 -> 0
B85: TOTAL ACUMULADO
B86: TOTAL ANTERIOR | J86: 0
J87: =SUM(J76:J82) -> 6.12
B89: Aprobó: | F89: Elaboró: | K89: Aprobó:
B93: MANUEL ALEJANDRO GRIMALDOS MOJICA | F93: NICOLE GISEL AVENDAÑO GONZALEZ | K93: JUAN CARLOS CAJIAO ROJAS
B94: INGENIERO CIVIL | F94: INGENIERA CIVIL | K94: SUPERVISOR
B95: M.P. 17202-107325 CLD | F95: M.P. 041037-0700433 BOY

Sheet Pintura baterias nuevas
C2: MEMORIA DE CANTIDADES DE OBRA
B5: SOPORTE DEL MEMORIA DE CALCULO | K5: ABRIL DE 2025
B6: OBJETO | C6: PRESUPUESTO CONSTRUCCION DE BATERIA DE BAÑOS INSTITUCIÓN EDUCATIVA LUIS A. DUQUE PEÑA SEDE PRINCIPAL BARZALOZA
B7: CAPITULO | C7: 15 | D7: PINTURA
B8: ITEM | C8: 15.4 | D8: =+'[15]OFERTA ECONÓMICA+ ADICIONAL'!C93 -> VINILO SOBRE PAÑETE 2 MANOS | N8: UNIDAD
N9: M2
B11: FECHA | C11: LOCALIZACIÓN | E11: DIMENSIONES | H11: CANTIDAD | I11: menos area puerta | J11: TOTAL | K11: ESQUEMA Y/O REGISTRO FOTOGRAFICO
E12: largo | F12: ALTO | G12: AREA | J12: ACUMULADO
C13: Vinilo sobre pañete fachada principal | E13: 2.75 | F13: 2.5 | H13: 1 | J13: =SUM(E13*F13)*H13 -> 6.875
C14: Vinilo sobre pañete fachada principal interna | E14: 2.75 | F14: 1.3 | H14: 1 | J14: =SUM(E14*F14)*H14 -> 3.575
C15: Vinilo sobre pañete fachada posterior | E15: 3.4 | F15: 1.8 | H15: 1 | J15: =SUM(E15*F15)*H15 -> 6.12
C16: Vinilo sobre pañete fachada lateral derecha | E16: =[16]Pintura!E16 -> 3.36 | F16: 2.8 | H16: 1 | J16: =SUM(E16*F16)*H16 -> 9.408
C17: Vinilo sobre pañete fachada lateral derecha interior | E17: =[16]Pintura!E17 -> 3 | F17: 1.55 | H17: 1 | J17: =SUM(E17*F17)*H17 -> 4.65
C18: Vinilo sobre pañete fachada lateral izquierda | E18: 3.4 | F18: 2.8 | H18: 1 | J18: =SUM(E18*F18)*H18 -> 9.52
C19: Vinilo sobre pañete fachada lateral izquierda interior | E19: =[16]Pintura!E19 -> 3 | F19: 1.55 | H19: 1 | J19: =SUM(E19*F19)*H19 -> 4.65
C20: Vinilo sobre pañete separadores internos | E20: 5.55 | F20: 0.8 | H20: 1 | J20: =SUM(E20*F20)*H20 -> 4.44
C21: Vinilo sobre pañete meson lavamanos | E21: 0.6 | F21: 0.55 | H21: 1 | J21: =SUM(E21*F21)*H21 -> 0.33
B24: TOTAL ACUMULADO | J24: =SUM(J13:J23) -> 49.568
B25: TOTAL ANTERIOR | J25: 0
B26: TOTAL | J26: =J24-J25 -> 49.568
B30: Aprobó: | F30: Elaboró: | K30: Aprobó:
B34: MANUEL ALEJANDRO GRIMALDOS MOJICA | F34: NICOLE GISEL AVENDAÑO GONZALEZ | K34: JUAN CARLOS CAJIAO ROJAS
B35: INGENIERO CIVIL | F35: INGENIERA CIVIL | K35: SUPERVISOR
B36: M.P. 17202-107325 CLD | F36: M.P. 041037-0700433 BOY
AC40: =+AA40-AB40 -> 0

Sheet Enchape Baterias Mejoramiento
C2: MEMORIA DE CANTIDADES DE OBRA
B5: SOPORTE DEL MEMORIA DE CALCULO | K5: ABRIL DE 2025
B6: OBJETO | C6: PRESUPUESTO CONSTRUCCION DE BATERIA DE BAÑOS INSTITUCIÓN EDUCATIVA LUIS A. DUQUE PEÑA SEDE PRINCIPAL BARZALOZA
B7: CAPITULO | C7: 13 | D7: =+'[15]OFERTA ECONÓMICA+ ADICIONAL'!C78 -> BALDOSA CERÁMICA PISO-PARED 20X20 CALIDAD PRIMERA
B8: ITEM | C8: 13.1 | D8: BALDOSA CERÁMICA PISO-PARED 20X20 CALIDAD PRIMERA | N8: UNIDAD
N9: M2
B11: FECHA | C11: LOCALIZACIÓN | E11: DIMENSIONES | H11: CANTIDAD | I11: menos area puerta | J11: TOTAL | K11: ESQUEMA Y/O REGISTRO FOTOGRAFICO
E12: Ancho | F12: ALTO | G12: AREA | J12: ACUMULADO
C13: BAÑO 1 | E13: 3.53 | F13: 1.6 | H13: 1 | J13: =SUM(E13*F13)*H13 -> 5.648
C14: BAÑO 2 | E14: 3.72 | F14: 1.6 | H14: 1 | J14: =SUM(E14*F14)*H14 -> 5.952
C15: BAÑO 3 | E15: 3.321 | F15: 1.6 | H15: 1 | J15: =SUM(E15*F15)*H15 -> 5.3136
C16: BAÑO 4 | E16: 4.04 | F16: 1.6 | H16: 1 | J16: =SUM(E16*F16)*H16 -> 6.464
C17: BAÑO 5 | E17: 3.75 | F17: 1.6 | H17: 1 | J17: =SUM(E17*F17)*H17 -> 6
C18: ENCHAPE EXTERIOR | E18: 3.93 | F18: 1.2 | H18: 1 | J18: =SUM(E18*F18)*H18 -> 4.716
B22: TOTAL ACUMULADO | J22: =SUM(J13:J21) -> 34.0936
B23: TOTAL ANTERIOR | J23: 0
B24: TOTAL | J24: =J22-J23 -> 34.0936
B26: Aprobó: | F26: Elaboró: | K26: Aprobó:
B30: MANUEL ALEJANDRO GRIMALDOS MOJICA | F30: NICOLE GISEL AVENDAÑO GONZALEZ | K30: JUAN CARLOS CAJIAO ROJAS
B31: INGENIERO CIVIL | F31: INGENIERA CIVIL | K31: SUPERVISOR
B32: M.P. 17202-107325 CLD | F32: M.P. 041037-0700433 BOY
C34: MEMORIA DE CANTIDADES DE OBRA
B37: SOPORTE DEL MEMORIA DE CALCULO | K37: ABRIL DE 2025
B38: OBJETO | C38: PRESUPUESTO CONSTRUCCION DE BATERIA DE BAÑOS INSTITUCIÓN EDUCATIVA LUIS A. DUQUE PEÑA SEDE PRINCIPAL BARZALOZA
B39: CAPITULO | C39: 13 | D39: =+'[15]OFERTA ECONÓMICA+ ADICIONAL'!C107 -> PUERTA EN LÁMINA CAL 18 INC. ANTICORROSIVO
B40: ITEM | C40: 13.2 | D40: CERÁMICA PISO TRÁFICO 5, CALIDAD PRIMERA | N40: UNIDAD
N41: M2
B43: FECHA | C43: LOCALIZACIÓN | E43: DIMENSIONES | H43: CANTIDAD | I43: menos area puerta | J43: TOTAL | K43: ESQUEMA Y/O REGISTRO FOTOGRAFICO
E44: largo | F44: Ancho | G44: AREA | J44: ACUMULADO
C45: BAÑO 1 | E45: 1.13 | F45: 1.03 | H45: 1 | J45: =SUM(E45*F45)*H45 -> 1.1639
C46: BAÑO 2 | E46: 1.2 | F46: 1.03 | H46: 1 | J46: =SUM(E46*F46)*H46 -> 1.236
C47: BAÑO 3 | E47: 1.2 | F47: 0.9 | H47: 1 | J47: =SUM(E47*F47)*H47 -> 1.08
C48: BAÑO 4 | E48: 1.2 | F48: 1.15 | H48: 1 | J48: =SUM(E48*F48)*H48 -> 1.38
C49: BAÑO 5 | E49: 1.2 | F49: 1.05 | H49: 1 | J49: =SUM(E49*F49)*H49 -> 1.26
B54: TOTAL ACUMULADO | J54: =SUM(J45:J53) -> 6.1199
B55: TOTAL ANTERIOR | J55: 0
B56: TOTAL | J56: =J54-J55 -> 6.1199
B58: Aprobó: | F58: Elaboró: | K58: Aprobó:
B62: MANUEL ALEJANDRO GRIMALDOS MOJICA | F62: NICOLE GISEL AVENDAÑO GONZALEZ | K62: JUAN CARLOS CAJIAO ROJAS
B63: INGENIERO CIVIL | F63: INGENIERA CIVIL | K63: SUPERVISOR
B64: M.P. 17202-107325 CLD | F64: M.P. 041037-0700433 BOY

Sheet Sanitario tanque
C2: MEMORIA DE CANTIDADES DE OBRA
B5: SOPORTE DEL MEMORIA DE CALCULO | K5: ABRIL DE 2025
B6: OBJETO | C6: PRESUPUESTO CONSTRUCCION DE BATERIA DE BAÑOS INSTITUCIÓN EDUCATIVA LUIS A. DUQUE PEÑA SEDE PRINCIPAL BARZALOZA
B7: CAPITULO | C7: 20 | D7: APARATOS SANITARIOS
B8: ITEM | C8: ='SABANA MOD. 2'!A121 -> 20.2 | D8: ='SABANA MOD. 2'!C120 -> SUMINISTRO E INSTALACIÓN SANITARIO TANQUE (INCLUYE GRIFERÍA) | N8: UNIDAD
N9: M2
B11: FECHA | C11: LOCALIZACIÓN | E11: DIMENSIONES | H11: CANTIDAD | I11: menos area puerta | J11: TOTAL | K11: ESQUEMA Y/O REGISTRO FOTOGRAFICO
E12: largo | F12: ALTO | G12: AREA | J12: ACUMULADO
C13: Suministro e instalacion de sanitarios tanque en baterias de secundaria | H13: 5 | J13: =H13 -> 5
B24: TOTAL ACUMULADO | J24: =SUM(J13:J23) -> 5
B25: TOTAL ANTERIOR | J25: 0
B26: TOTAL | J26: =J24-J25 -> 5
B30: Aprobó: | F30: Elaboró: | K30: Aprobó:
B34: MANUEL ALEJANDRO GRIMALDOS MOJICA | F34: NICOLE GISEL AVENDAÑO GONZALEZ | K34: JUAN CARLOS CAJIAO ROJAS
B35: INGENIERO CIVIL | F35: INGENIERA CIVIL | K35: SUPERVISOR
B36: M.P. 17202-107325 CLD | F36: M.P. 041037-0700433 BOY
AC40: =+AA40-AB40 -> 0

Sheet Preliminares
C2: MEMORIA DE CANTIDADES DE OBRA
B5: SOPORTE DEL MEMORIA DE CALCULO | K5: ABRIL DE 2026
B6: OBJETO | C6: PRESUPUESTO CONSTRUCCION DE BATERIA DE BAÑOS INSTITUCIÓN EDUCATIVA LUIS A. DUQUE PEÑA SEDE PRINCIPAL BARZALOZA
B7: CAPITULO | C7: 25.3 | D7: PRELIMINARES
B8: ITEM | C8: 22.1 | D8: =+'SABANA MOD. 2'!C134 -> DEMOLICIÓN PLACA PISO 0.15 M, INC RETIRO | N8: UNIDAD
N9: M2
B11: FECHA | C11: LOCALIZACIÓN | E11: DIMENSIONES | H11: CANTIDAD | I11: menos area puerta | J11: TOTAL | K11: ESQUEMA Y/O REGISTRO FOTOGRAFICO
E12: largo | F12: ALTO | G12: AREA | J12: ACUMULADO
C13: Placa Existente | E13: 5 | F13: 4.8180638 | H13: 1 | J13: =SUM(E13*F13)*H13 -> 24.090319
U17: 24.090319
B26: TOTAL ACUMULADO | J26: =SUM(J13:J25) -> 24.090319
B27: TOTAL ANTERIOR | J27: 0
B28: TOTAL | J28: =J26-J27 -> 24.090319
B30: Aprobó: | F30: Elaboró: | K30: Aprobó:
B34: MANUEL ALEJANDRO GRIMALDOS MOJICA | F34: NICOLE GISEL AVENDAÑO GONZALEZ | K34: JUAN CARLOS CAJIAO ROJAS
B35: INGENIERO CIVIL | F35: INGENIERA CIVIL | K35: SUPERVISOR
B36: M.P. 17202-107325 CLD | F36: M.P. 041037-0700433 BOY
C40: MEMORIA DE CANTIDADES DE OBRA
B43: SOPORTE DEL MEMORIA DE CALCULO | K43: SEPTIEMBRE DE 2025
B44: OBJETO | C44: PRESUPUESTO CONSTRUCCION DE BATERIA DE BAÑOS INSTITUCIÓN EDUCATIVA LUIS A. DUQUE PEÑA SEDE PRINCIPAL BARZALOZA
B45: CAPITULO | C45: 22 | D45: PRELIMINARES
B46: ITEM | C46: 22.2 | D46: =+'SABANA MOD. 2'!C135 -> CERCA EN TELA VERDE H = 2.10 M | N46: UNIDAD
N47: ML
B49: FECHA | C49: LOCALIZACIÓN | E49: DIMENSIONES | H49: CANTIDAD | I49: menos area puerta | J49: TOTAL | K49: ESQUEMA Y/O REGISTRO FOTOGRAFICO
E50: largo | F50: ALTO | G50: AREA | J50: ACUMULADO
C51: Cerramiento | E51: 13.8 | H51: 1 | J51: =+E51*H51 -> 13.8
B64: TOTAL ACUMULADO | J64: =SUM(J51:J63) -> 13.8
B65: TOTAL ANTERIOR | J65: 0
B66: TOTAL | J66: =J64-J65 -> 13.8
B68: Aprobó: | F68: Elaboró: | K68: Aprobó:
B72: MANUEL ALEJANDRO GRIMALDOS MOJICA | F72: NICOLE GISEL AVENDAÑO GONZALEZ | K72: JUAN CARLOS CAJIAO ROJAS
B73: INGENIERO CIVIL | F73: INGENIERA CIVIL | K73: SUPERVISOR
B74: M.P. 17202-107325 CLD | F74: M.P. 041037-0700433 BOY

Sheet Placa Tanques
C2: MEMORIA DE CANTIDADES DE OBRA
B5: SOPORTE DEL MEMORIA DE CALCULO | K5: ABRIL DE 2026
B6: OBJETO | C6: PRESUPUESTO CONSTRUCCION DE BATERIA DE BAÑOS INSTITUCIÓN EDUCATIVA LUIS A. DUQUE PEÑA SEDE PRINCIPAL BARZALOZA
B7: CAPITULO | C7: 23 | D7: PISOS BASES
B8: ITEM | C8: 23.1 | D8: =+'SABANA MOD. 2'!C139 -> PLACA BASE CONCRETO E= 0.10 2500 PSI IMPERMEABILZIADO PARA PLACA DE TANQUES ELEVADOS | N8: UNIDAD
N9: M2
B11: FECHA | C11: LOCALIZACIÓN | E11: DIMENSIONES | H11: CANTIDAD | I11: menos area puerta | J11: TOTAL | K11: ESQUEMA Y/O REGISTRO FOTOGRAFICO
E12: largo | F12: ALTO | G12: AREA | J12: ACUMULADO
C13: Placa Tanques Elevados | E13: 7.45 | F13: 1.7 | H13: 1 | J13: =SUM(E13*F13)*H13 -> 12.665
U16: 24.090319
B25: TOTAL ACUMULADO | J25: =SUM(J13:J24) -> 12.665
B26: TOTAL ANTERIOR | J26: 0
B27: TOTAL | J27: =J25-J26 -> 12.665
B29: Aprobó: | F29: Elaboró: | K29: Aprobó:
B33: MANUEL ALEJANDRO GRIMALDOS MOJICA | F33: NICOLE GISEL AVENDAÑO GONZALEZ | K33: JUAN CARLOS CAJIAO ROJAS
B34: INGENIERO CIVIL | F34: INGENIERA CIVIL | K34: SUPERVISOR
B35: M.P. 17202-107325 CLD | F35: M.P. 041037-0700433 BOY

Sheet Orinal Infantil
C2: MEMORIA DE CANTIDADES DE OBRA
B5: SOPORTE DEL MEMORIA DE CALCULO | K5: ABRIL DE 2025
B6: OBJETO | C6: PRESUPUESTO CONSTRUCCION DE BATERIA DE BAÑOS INSTITUCIÓN EDUCATIVA LUIS A. DUQUE PEÑA SEDE PRINCIPAL BARZALOZA
B7: CAPITULO | C7: 13 | D7: INSTALACIONES HIDROSANITARIAS
B8: ITEM | C8: 17.9 | D8: ='SABANA MOD. 2'!C150 -> SUMINISTRO E INSTALACIÓN ORINAL INFANTIL (INCLUYE GRIFERÍA) | N8: UNIDAD
N9: UND
B11: FECHA | C11: LOCALIZACIÓN | E11: DIMENSIONES | H11: CANTIDAD | I11: menos area puerta | J11: TOTAL | K11: ESQUEMA Y/O REGISTRO FOTOGRAFICO
E12: largo | F12: ALTO | G12: AREA | J12: ACUMULADO
C13: ORINAL INFANTIL | H13: 1 | J13: =H13 -> 1
B22: TOTAL ACUMULADO | J22: =SUM(J13:J21) -> 1
B23: TOTAL ANTERIOR | J23: 0
B24: TOTAL | J24: =J22-J23 -> 1
B26: Aprobó: | F26: Elaboró: | K26: Aprobó:
B30: MANUEL ALEJANDRO GRIMALDOS MOJICA | F30: NICOLE GISEL AVENDAÑO GONZALEZ | K30: JUAN CARLOS CAJIAO ROJAS
B31: INGENIERO CIVIL | F31: INGENIERA CIVIL | K31: SUPERVISOR
B32: M.P. 17202-107325 CLD | F32: M.P. 041037-0700433 BOY

Sheet Sanitario infantil
C2: MEMORIA DE CANTIDADES DE OBRA
B5: SOPORTE DEL MEMORIA DE CALCULO | K5: ABRIL DE 2025
B6: OBJETO | C6: PRESUPUESTO CONSTRUCCION DE BATERIA DE BAÑOS INSTITUCIÓN EDUCATIVA LUIS A. DUQUE PEÑA SEDE PRINCIPAL BARZALOZA
B7: CAPITULO | C7: 25.4 | D7: INSTALACIONES HIDROSANITARIAS
B8: ITEM | C8: 17.3 | D8: ='SABANA MOD. 2'!C151 -> SUMINISTRO E INSTALACIÓN SANITARIO INFANTIL (INCLUYE GRIFERÍA) | N8: UNIDAD
N9: UND
B11: FECHA | C11: LOCALIZACIÓN | E11: DIMENSIONES | H11: CANTIDAD | I11: menos area puerta | J11: TOTAL | K11: ESQUEMA Y/O REGISTRO FOTOGRAFICO
E12: largo | F12: ALTO | G12: AREA | J12: ACUMULADO
C13: fachada frontal | H13: 2 | J13: =H13 -> 2
B22: TOTAL ACUMULADO | J22: =SUM(J13:J21) -> 2
B23: TOTAL ANTERIOR | J23: 0
B24: TOTAL | J24: =J22-J23 -> 2
B26: Aprobó: | F26: Elaboró: | K26: Aprobó:
B30: MANUEL ALEJANDRO GRIMALDOS MOJICA | F30: NICOLE GISEL AVENDAÑO GONZALEZ | K30: JUAN CARLOS CAJIAO ROJAS
B31: INGENIERO CIVIL | F31: INGENIERA CIVIL | K31: SUPERVISOR
B32: M.P. 17202-107325 CLD | F32: M.P. 041037-0700433 BOY

Sheet Estuco baterias nuevas
C2: MEMORIA DE CANTIDADES DE OBRA
B5: SOPORTE DEL MEMORIA DE CALCULO | K5: ABRIL DE 2025
B6: OBJETO | C6: PRESUPUESTO CONSTRUCCION DE BATERIA DE BAÑOS INSTITUCIÓN EDUCATIVA LUIS A. DUQUE PEÑA SEDE PRINCIPAL BARZALOZA
B7: CAPITULO | C7: 15 | D7: PINTURA
B8: ITEM | C8: ='SABANA MOD. 2'!B162 -> 18.14 | D8: ='SABANA MOD. 2'!C162 -> ESTUCO PLASTICO BATERIAS DE PRESCOLAR | N8: UNIDAD
N9: M2
B11: FECHA | C11: LOCALIZACIÓN | E11: DIMENSIONES | H11: CANTIDAD | I11: menos area puerta | J11: TOTAL | K11: ESQUEMA Y/O REGISTRO FOTOGRAFICO
E12: largo | F12: ALTO | G12: AREA | J12: ACUMULADO
C13: estuco sobre pañete fachada principal | E13: 2.75 | F13: 2.5 | H13: 1 | J13: =SUM(E13*F13)*H13 -> 6.875
C14: estuco sobre pañete fachada principal interna | E14: 2.75 | F14: 1.3 | H14: 1 | J14: =SUM(E14*F14)*H14 -> 3.575
C15: estuco sobre pañete fachada posterior | E15: 3.4 | F15: 1.8 | H15: 1 | J15: =SUM(E15*F15)*H15 -> 6.12
C16: estuco sobre pañete fachada lateral derecha | E16: =[16]Pintura!E16 -> 3.36 | F16: 2.8 | H16: 1 | J16: =SUM(E16*F16)*H16 -> 9.408
C17: estuco sobre pañete fachada lateral derecha interior | E17: =[16]Pintura!E17 -> 3 | F17: 1.55 | H17: 1 | J17: =SUM(E17*F17)*H17 -> 4.65
C18: estuco sobre pañete fachada lateral izquierda | E18: 3.4 | F18: 2.8 | H18: 1 | J18: =SUM(E18*F18)*H18 -> 9.52
C19: estuco sobre pañete fachada lateral izquierda interior | E19: =[16]Pintura!E19 -> 3 | F19: 1.55 | H19: 1 | J19: =SUM(E19*F19)*H19 -> 4.65
C20: estuco sobre pañete separadores internos | E20: 5.55 | F20: 0.8 | H20: 1 | J20: =SUM(E20*F20)*H20 -> 4.44
C21: estuco sobre pañete meson lavamanos | E21: 0.6 | F21: 0.55 | H21: 1 | J21: =SUM(E21*F21)*H21 -> 0.33
B24: TOTAL ACUMULADO | J24: =SUM(J13:J23) -> 49.568
B25: TOTAL ANTERIOR | J25: 0
B26: TOTAL | J26: =J24-J25 -> 49.568
B30: Aprobó: | F30: Elaboró: | K30: Aprobó:
B34: MANUEL ALEJANDRO GRIMALDOS MOJICA | F34: NICOLE GISEL AVENDAÑO GONZALEZ | K34: JUAN CARLOS CAJIAO ROJAS
B35: INGENIERO CIVIL | F35: INGENIERA CIVIL | K35: SUPERVISOR
B36: M.P. 17202-107325 CLD | F36: M.P. 041037-0700433 BOY
AC40: =+AA40-AB40 -> 0

Sheet Filos
C2: MEMORIA DE CANTIDADES DE OBRA
B5: SOPORTE DEL MEMORIA DE CALCULO | J5: ABRIL DE 2026
B6: OBJETO | C6: PRESUPUESTO CONSTRUCCION DE BATERIA DE BAÑOS INSTITUCIÓN EDUCATIVA LUIS A. DUQUE PEÑA SEDE PRINCIPAL BARZALOZA
B7: CAPITULO | C7: 6 | D7: ='SABANA MOD. 2'!C169 -> PAÑETES, REVOQUES Y REPELLOS
B8: ITEM | C8: ='SABANA MOD. 2'!B170 -> 6.3** | D8: ='SABANA MOD. 2'!C170 -> FILOS O DILATACIONES S/MURO | M8: UNIDAD
M9: ML
B11: FECHA | C11: LOCALIZACIÓN | E11: DIMENSIONES | H11: CANTIDAD | I11: TOTAL | J11: ESQUEMA Y/O REGISTRO FOTOGRAFICO
E12: largo | F12: ancho | G12: Perimetro
C13: Filos Ventanal Lateral | E13: 2.6 | F13: 0.3 | G13: =2*(E13+F13) -> 5.8 | H13: 1 | I13: =2*G13 -> 11.6
C14: Filos Ventada Al lado Puerta | E14: 1 | F14: 0.6 | G14: =2*(E14+F14) -> 3.2 | H14: 1 | I14: =2*G14 -> 6.4
C15: Filos Puerta Principal | E15: 2 | F15: 1 | G15: =2*(E15+F15) -> 6 | H15: 1 | I15: =2*G15 -> 12
C16: Filos Puertas Internas baterias nuevas | E16: 1.6 | F16: 0.7 | G16: =2*(E16+F16) -> 4.6 | H16: 3 | I16: =2*G16 -> 9.2
C17: Filos Puertas mejoramiento | E17: 1.7 | F17: 0.6 | G17: =2*(E17+F17) -> 4.6 | H17: 6 | I17: =2*G17 -> 9.2
B19: TOTAL ACUMULADO | I19: =SUM(I13:I18) -> 48.4
B20: TOTAL ANTERIOR | I20: 0
B21: TOTAL | I21: =I19-I20 -> 48.4
B23: Aprobó: | F23: Elaboró: | K23: Aprobó:
B27: MANUEL ALEJANDRO GRIMALDOS MOJICA | F27: NICOLE GISEL AVENDAÑO GONZALEZ | K27: JUAN CARLOS CAJIAO ROJAS
B28: INGENIERO CIVIL | F28: INGENIERA CIVIL | K28: SUPERVISOR
B29: M.P. 17202-107325 CLD | F29: M.P. 041037-0700433 BOY

Sheet Corte Arbol
C2: MEMORIA DE CANTIDADES DE OBRA
B5: SOPORTE DEL MEMORIA DE CALCULO | K5: ABRIL DE 2026
B6: OBJETO | C6: PRESUPUESTO CONSTRUCCION DE BATERIA DE BAÑOS INSTITUCIÓN EDUCATIVA LUIS A. DUQUE PEÑA SEDE PRINCIPAL BARZALOZA
B7: CAPITULO | C7: 27 | D7: CORTE DE ARBOL
B8: ITEM | C8: 27.1 | D8: =+'SABANA MOD. 2'!C178 -> CORTE ARBOL (INCLUYE DETOCONAMIENTO DE RAICES) - INCLUYE RETIRO | N8: UNIDAD
N9: UND
B11: FECHA | C11: LOCALIZACIÓN | E11: DIMENSIONES | H11: CANTIDAD | I11: menos area puerta | J11: TOTAL | K11: ESQUEMA Y/O REGISTRO FOTOGRAFICO
E12: largo | F12: ALTO | G12: AREA | J12: ACUMULADO
C13: Tronco | H13: 1 | J13: =+H13 -> 1
B26: TOTAL ACUMULADO | J26: =SUM(J13:J25) -> 1
B27: TOTAL ANTERIOR | J27: 0
B28: TOTAL | J28: =J26-J27 -> 1
B30: Aprobó: | F30: Elaboró: | K30: Aprobó:
B34: MANUEL ALEJANDRO GRIMALDOS MOJICA | F34: NICOLE GISEL AVENDAÑO GONZALEZ | K34: JUAN CARLOS CAJIAO ROJAS
B35: INGENIERO CIVIL | F35: INGENIERA CIVIL | K35: SUPERVISOR
B36: M.P. 17202-107325 CLD | F36: M.P. 041037-0700433 BOY
